 Dungeon Crawl Stone Soup version 0.30-a0-170-g85af917532 (webtiles) character file.

Game seed: 6952711911868406278

327632 qw the Peltast (level 22, -29/148 HPs)
             Began as a Gargoyle Fighter on Sept 30, 2022.
             Was the Champion of Okawaru.
             Killed from afar by a tengu reaver (58 damage)
             ... with a bolt of acid
             ... led by Sojobo
             ... on level 4 of the Vaults.
             The game lasted 00:19:00 (33806 turns).

qw the Peltast (Gargoyle Fighter)                  Turns: 33806, Time: 00:19:01

Health: -29/148    AC: 48    Str: 26    XL:     22   Next: 3%
Magic:  25/29      EV: 16    Int:  9    God:    Okawaru [******]
Gold:   969        SH: 30    Dex: 13    Spells: 21/21 levels left

rFire   . . .      SeeInvis +    u - +2 broad axe (spect)
rCold   + . .      Faith    .    I - +2 tower shield
rNeg    + . .      Spirit   .    F - +4 plate armour {Will+}
rPois   inf        Reflect  +    n - +2 helmet
rElec   +          Harm     .    m - scarf {repulsion}
rCorr   .          Rampage  .    q - +1 pair of gloves
Will    ++++.                    v - -2 pair of boots of Spite {rC+ Will++ Str-5 Dex+4}
Stlth   ..........               l - amulet of reflection
HPRegen 1.14/turn                E - +4 ring of evasion
MPRegen 0.21/turn                z - ring of see invisible

@: about to teleport, heroic, finesse-ful, flying, repel missiles
A: sickness immunity, AC +16, big wings, negative energy resistance 1,
electricity resistance, torment resistance 1, petrification resistance,
regeneration 1
}: 1/15 runes: gossamer
a: Renounce Religion, Heroism, Finesse, Duel


You were on level 4 of the Vaults.
You worshipped Okawaru.
Okawaru was exalted by your worship.
You visited 6 branches of the dungeon, and saw 33 of its levels.
You visited the Abyss 1 time.
You visited 1 bazaar.
You also visited: Sewer.

You collected 4372 gold pieces.
You spent 3403 gold pieces at shops.


Innate Abilities, Weirdness & Mutations

You are immune to sickness and miasma.
Your stone body is resilient. (AC +16)
You are immune to poison.
Your large and strong wings let you fly.
You resist negative energy. (rN+)
You are resistant to electric shocks. (rElec)
You are resistant to unholy torment.
You are immune to petrification.
Your natural rate of healing is unusually fast.


   Skills:
 + Level 18.3(23.3) Fighting
 - Level 18.0(23.0) Axes
 - Level 10.0(15.0) Throwing
 - Level 18.0(23.0) Armour
 - Level 6.0(11.0) Dodging
 - Level 20.0(25.0) Shields
 - Level 10.0 Invocations


You had 21 spell levels left.
You didn't know any spells.
Your spell library was empty.

Inventory:

Hand Weapons
 u - a +2 spectral broad axe (weapon)
Missiles
 o - 28 boomerangs
 D - 2 javelins (quivered)
 K - 2 boomerangs of dispersal
Armour
 c - the +1 plate armour of Aclij {rPois Str+6}
   (Okawaru gifted it to you on level 4 of the Vaults)

   Str:       It affects your strength (+6).
   rPois:     It protects you from poison.
 f - a +2 chain mail of fire resistance
 j - a +1 cloak
 m - a scarf of repulsion (worn)
 n - a +2 helmet (worn)
 q - a +1 pair of gloves (worn)
 r - the +2 kite shield of True Grit {rC+ SInv}
   (Okawaru gifted it to you on level 1 of the Lair of Beasts)

   rC:        It protects you from cold.
   SInv:      It lets you see invisible.
 t - the +1 hat "Faph" {rC+}
   (Okawaru gifted it to you on level 15 of the Dungeon)

   rC:        It protects you from cold.
 v - the -2 pair of boots of Spite (worn) {rC+ Will++ Str-5 Dex+4}
   (Okawaru gifted it to you on level 5 of the Lair of Beasts)

   Str:       It affects your strength (-5).
   Dex:       It affects your dexterity (+4).
   rC:        It protects you from cold.
   Will:      It greatly increases your willpower.
 A - a +0 pair of boots
 F - a +4 plate armour of willpower (worn)
 H - a +2 plate armour of cold resistance
 I - a +2 tower shield (worn)
 M - a scarf of resistance
Jewellery
 l - an amulet of reflection (around neck)
 z - a ring of see invisible (right hand)
 B - a ring of protection from cold
 C - a ring of resist corrosion
 E - a +4 ring of evasion (left hand)
 G - a ring of protection from fire
 J - the ring of Jypt {Will+ rCorr}
   (You bought it in a shop in a bazaar)

   [ring of resist corrosion]

   rCorr:     It protects you from acid and corrosion.
   Will:      It increases your willpower.
 Y - a +6 ring of strength
Scrolls
 a - 21 scrolls of identify
 y - 2 scrolls of teleportation
Potions
 b - 8 potions of lignification
 d - 9 potions of might
 e - 11 potions of mutation
 g - 6 potions of haste
 h - 19 potions of curing
 i - 5 potions of magic
 k - 5 potions of heal wounds
 p - 4 potions of attraction
 s - 4 potions of cancellation
 w - a potion of resistance

Dungeon Overview and Level Annotations

Branches:
Dungeon (15/15)            Temple (0/1) D:4            Lair (5/5) D:10
 Shoals (3/4) Lair:3       Spider (4/4) Lair:2        Slime (0/5) Lair:4
    Orc (2/2) D:12            Elf (0/3) Orc:2        Vaults (4/5) D:14
  Crypt (0/3) Vaults:2     Depths (0/4) D:15          Sewer (visited)

Altars:
Cheibriados
Elyvilon
Gozag
Hepliaklqana
Makhleb
Okawaru
Qazlal
Trog
Vehumet
Zin
The Shining One
Lugonu

Shops:
D:1 (   D:2 [   D:9 :   Orc:1 [   Orc:2 *([!   Shoals:1 [   Shoals:3 !(
Vaults:1 *

Portals:
Abyss: Shoals:2

Annotations:
D:5 3 runed translucent doors, qw's ghost, novice GrFi
Lair:1 3 runed translucent doors, qw's ghost, journeyman GrFi
Shoals:2 1 runed translucent door
Spider:2 3 runed translucent doors, qw's ghost, adept GrFi
Vaults:1 3 runed translucent doors, qw's ghost, adept GrFi


Message History

The ironbound frostheart touches your +2 spectral broad axe!!
Your spectral weapon shares its damage with you!
Your +2 spectral broad axe fades away.
Electricity crackles from the ironbound thunderhulk's apparatus.
The bolt of lightning misses you.
The vault warden shoots a bolt.
You reflect the bolt off an invisible shield around you!
The bolt hits the vault warden!!!
You kill the vault warden!
Okawaru accepts your kill. The tengu reaver blocks your attack.
The tengu reaver is heavily wounded.
The tengu reaver blocks your +2 spectral broad axe's attack.
Your +2 spectral broad axe hits the ironbound frostheart!
You slash the tengu reaver!
The tengu reaver is severely wounded.
Your +2 spectral broad axe hits the tengu reaver!
Your +2 spectral broad axe closely misses the ironbound frostheart.
You slash the tengu reaver!
The tengu reaver is almost dead.
Your +2 spectral broad axe barely misses the tengu reaver.
Your +2 spectral broad axe hits the ironbound frostheart.
Electricity crackles from the ironbound thunderhulk's apparatus.
The bolt of lightning misses you.
The ironbound frostheart touches your +2 spectral broad axe!
Your spectral weapon shares its damage with you!
The ironbound frostheart freezes your +2 spectral broad axe!
Your +2 spectral broad axe resists.
Your spectral weapon shares its damage with you!
You block the tengu reaver's attack.
The tengu reaver hits your +2 spectral broad axe with a +0 war axe!!
Your spectral weapon shares its damage with you!
Your +2 spectral broad axe fades away.
You block the tengu reaver's attack.
The tengu reaver claws you but does no damage.
33806 ||| READING 3 scrolls of teleportation.
As you read the scroll of teleportation, it crumbles to dust.
You feel strangely unstable.
The tengu reaver gestures at you while chanting.
The bolt of acid hits you!!!
You die...

#......#
################+###
...(...#p....#
##########.......#.....#
.........#.......#.....#
.........# .....#.....#
########.# ppO#.....#
).####...#######ยค#.....#
)..##....#.....+@Qp....+
...##...##.....#+#######
...##...##.....#
...##....#.....#
..####...+[....#
########)#.....#
.......%.+.....#
.........####### #######
########'###########
#......


You could see an ironbound preserver, an ironbound thunderhulk, a tengu reaver
and a vault sentinel.

Vanquished Creatures
  Sojobo (Vaults:4)
  Nikola (Spider:3)
  Arachne (Spider:3)
  A tentacled starspawn (Abyss:2)
  Polyphemus (Shoals:1)
  Gastronok (Lair:1)
  3 sphinxes
  A tengu reaver (Vaults:4)
  Kirke (Spider:3)
  Ilsuiw (Shoals:2)
  A shadow dragon (Vaults:3)
  9 emperor scorpions
  Louise (Shoals:2)
  3 ghost moths (Spider:4)
  14 vault wardens
  A deep elf sorcerer (Vaults:4)
  A deep elf elementalist (Abyss:2)
  3 orc warlords
  3 war gargoyles
  13 ironbound preservers
  9 very ugly things
  A broodmother (Spider:4)
  A vampire knight (Vaults:2)
  6 ironbound thunderhulks
  Nessos (D:15)
  17 dire elephants
  A crystal guardian (Vaults:1)
  3 spark wasps
  Snorg (D:14)
  4 merfolk impalers (Shoals:2)
  A merfolk javelineer (Shoals:3)
  6 great orbs of eyes
  9 yaktaur captains
  Harold (D:10)
  6 entropy weavers
  3 peacekeepers
  A vault guard (D:14)
  Erica (Lair:1)
  6 two-headed ogres
  10 hydras
  7 ironbound frosthearts
  An alligator snapping turtle (Shoals:1)
  8 centaur warriors
  5 radroaches
  2 merfolk avatars (Shoals:1)
  2 catoblepae
  9 boulder beetles
  2 satyrs (Shoals:3)
  A deep troll shaman (Lair:5)
  14 death yaks
  An orc high priest (Orc:2)
  A death scarab (Spider:3)
  2 thrashing horrors (Abyss:2)
  A deep troll earth mage (Vaults:1)
  Nergalle (D:10)
  6 skeletal warriors
  A sun moth (Spider:2)
  A spatial maelstrom (Abyss:2)
  32 deep trolls
  4 pharaoh ants
  A shadow demon (Abyss:2)
  7 sea snakes
  11 steelbarb worms
  6 wizards
  17 ironbound convokers
  6 lindwurms
  8 orb spiders
  9 orc knights
  Pikel (D:4)
  17 harpies
  2 necromancers
  A tengu zombie (Vaults:4)
  2 deep elf pyromancers
  30 ugly things
  7 fauns
  2 human zombies (Vaults:4)
  A wolf spider zombie (D:15)
  20 wolf spiders
  8 orc sorcerers
  7 cyclopes
  12 manticores
  5 moths of wrath
  A worldbinder (Abyss:2)
  16 vault sentinels
  6 black mambas
  A centaur zombie (D:15)
  7 merfolk sirens
  19 elephants
  A water nymph (shapeshifter) (Vaults:4)
  A smoke demon (Abyss:2)
  3 apocalypse crabs (Shoals:2)
  4 water nymphs
  7 torpor snails
  A centaur skeleton (D:15)
  2 gargoyles
  13 cane toads
  A rime drake (Lair:3)
  11 komodo dragons
  45 yaktaurs
  2 kobold demonologists (D:11)
  9 demonic crawlers
  2 efreet
  3 tengu conjurers (D:14)
  A yaktaur skeleton (Vaults:4)
  A queen bee (Spider:2)
  6 meliai
  5 trolls
  An ancient zyme (Abyss:2)
  4 hornets
  Prince Ribbit (D:6)
  25 merfolk
  A polar bear (Lair:5)
  9 wind drakes
  20 tarantellas
  Grinder (D:3)
  8 saltlings (Orc:2)
  12 dream sheep
  13 blink frogs
  22 slime creatures
  22 jumping spiders
  26 culicivoras
  A centaur simulacrum (D:15)
  7 snapping turtles
  2 shadows (D:10)
  4 water elementals
  5 wraiths
  An ettin skeleton (Vaults:4)
  41 yaks
  5 vampires
  A wyvern (Lair:5)
  5 hogs (Spider:3)
  A human (Spider:3)
  8 vampire mosquitoes
  8 basilisks
  57 redbacks
  A warg (Orc:2)
  A spatial vortex (Abyss:2)
  A steam dragon (Lair:3)
  Edmund (D:6)
  3 small abominations (Abyss:2)
  24 water moccasins
  Pargi (Sewer)
  22 orc warriors
  An ice beast (D:7)
  3 black bears
  7 starcursed masses
  10 ogres
  12 wolves
  10 centaurs
  3 lemures (D:4)
  Blork the orc (D:4)
  6 bullfrogs
  2 gnoll sergeants
  5 kobold brigands
  5 scorpions
  4 necrophages
  19 wights
  21 killer bees
  9 howler monkeys
  4 electric eels
  A crimson imp (D:6)
  2 hounds (D:5)
  3 jellies
  14 orc priests
  5 iguanas
  21 orc wizards
  2 spriggan simulacra (Orc:1)
  A statue (D:4)
  2 troll simulacra (Orc:1)
  A wolf simulacrum (Orc:1)
  14 gnolls
  9 adders
  3 naga simulacra (Orc:1)
  2 shadow imps
  2 white imps (D:5)
  2 worms (D:2)
  3 dart slugs
  61 orcs
  5 ball pythons
  3 endoplasms
  8 giant cockroaches
  5 goblins
  4 hobgoblins
  A jackal (Sewer)
  10 quokkas
  3 training dummies (Shoals:3)
  2 bats (D:2)
  2 frilled lizards (D:1)
  28 kobolds
  4 rats
  A bush (Lair:5)
  14 pillars of salt (Orc:2)
  A plant (Shoals:1)
  A starspawn tentacle (Abyss:2)
1325 creatures vanquished.

Vanquished Creatures (others)
  A tarantella (Spider:2)
  A small abomination (Abyss:2)
  A white imp (Abyss:2)
  13 fungi
  A lurking horror (Abyss:2)
  3 pillars of salt (Orc:2)
  60 plants
  2 starspawn tentacles (Abyss:2)
82 creatures vanquished.

Grand Total: 1407 creatures vanquished

Notes
Turn   | Place    | Note
-------+----------+-------------------------------------------
     0 | D:1      | qw the Gargoyle Fighter began the quest for the Orb.
     0 | D:1      | Reached XP level 1. HP: 14/14 MP: 1/1
     0 | D:1      | 0 ||| qw: Version: 0.2-a-12-gaebbb33
     0 | D:1      | 0 ||| qw: Game counter: 1475
     0 | D:1      | 0 ||| qw: Always use a shield: true
     0 | D:1      | 0 ||| qw: God list: Okawaru
     0 | D:1      | 0 ||| qw: Allow faded altars: false
     0 | D:1      | 0 ||| qw: Do Orc after D:15 true
     0 | D:1      | 0 ||| qw: Do second Lair branch before Depths: true
     0 | D:1      | 0 ||| qw: Lair rune preference: random
     0 | D:1      | 0 ||| qw: Plans: Normal, Zot:1-4, God:TSO, Crypt, Tomb,
                  | Pan, Slime:5, Hells, Abyss, Orb
     0 | D:1      | 0 ||| PLANNING D:1-11
   220 | D:1      | Reached XP level 2. HP: 19/19 MP: 2/2
   226 | D:1      | Found Viphoesy's Antique Weapon Shop.
   240 | D:1      | 240 ||| SHOPLISTING runed hand axe (126 gold, have 47).
   240 | D:1      | 240 ||| SHOPLISTING whip (52 gold, have 47).
   244 | D:1      | 244 ||| Stepping ~*~*~tactically~*~*~ (stealth).
   248 | D:1      | 248 ||| Stepping ~*~*~tactically~*~*~ (stealth).
   249 | D:1      | 249 ||| Stepping ~*~*~tactically~*~*~ (stealth).
   308 | D:1      | 308 ||| Stepping ~*~*~tactically~*~*~ (stealth).
   312 | D:1      | 312 ||| Stepping ~*~*~tactically~*~*~ (stealth).
   313 | D:1      | 313 ||| Stepping ~*~*~tactically~*~*~ (stealth).
   476 | D:1      | Reached skill level 3 in Axes
   632 | D:1      | Reached XP level 3. HP: 23/23 MP: 3/3
   658 | D:1      | 658 ||| READING 3 scrolls labelled IGRIYJACI.
   659 | D:1      | 659 ||| READING scroll labelled ZODIHO PIZ YSH.
   663 | D:1      | 663 ||| READING scroll labelled CER OBIDUL.
   707 | D:1      | 707 ||| READING 2 scrolls of identify.
   707 | D:1      | 707 ||| IDENTIFYING purple potion
  1014 | D:2      | 1014 ||| Stepping ~*~*~tactically~*~*~ (hiding).
  1067 | D:2      | 1067 ||| Stepping ~*~*~tactically~*~*~ (stealth).
  1085 | D:2      | 1085 ||| Stepping ~*~*~tactically~*~*~ (stealth).
  1167 | D:2      | Reached XP level 4. HP: 19/28 MP: 4/4
  1301 | D:2      | 1301 ||| Stepping ~*~*~tactically~*~*~ (stealth).
  1341 | D:2      | 1341 ||| Stepping ~*~*~tactically~*~*~ (hiding).
  1721 | D:2      | Found Uhodofarch's Armour Shoppe.
  1732 | D:2      | 1732 ||| SHOPLISTING +0 fire dragon scales (780 gold, have
                  | 126).
  1732 | D:2      | 1732 ||| BUYING +0 kite shield (58 gold).
  1732 | D:2      | Bought a +0 kite shield for 58 gold pieces
  1732 | D:2      | 1732 ||| SHOPLISTING +0 pair of gloves of strength (149
                  | gold, have 68).
  1732 | D:2      | 1732 ||| SHOPLISTING +0 plate armour (299 gold, have 68).
  1732 | D:2      | 1732 ||| SHOPLISTING +1 scale mail of cold resistance (208
                  | gold, have 68).
  1732 | D:2      | 1732 ||| SHOPLISTING +2 shield of Resistance {rF++ rC++
                  | Will++} (916 gold, have 68).
  1732 | D:2      | 1732 ||| SHOPLISTING +6 chain mail of Fekipeb {rF- Dex+6
                  | Stlth+} (648 gold, have 68).
  2023 | D:2      | 2023 ||| DROPPING +0 club.
  2230 | D:2      | 2230 ||| UPGRADING to +0 kite shield.
  2240 | D:2      | 2240 ||| DROPPING +0 buckler.
  2241 | D:2      | 2241 ||| UPGRADING to amulet of the acrobat.
  2246 | D:2      | 2246 ||| UPGRADING to amulet of reflection.
  2256 | D:2      | 2256 ||| DROPPING amulet of the acrobat.
  2257 | D:2      | 2257 ||| READING scroll labelled XALALYIFFE.
  2258 | D:2      | 2258 ||| READING scroll labelled UXOURE GISI.
  2259 | D:2      | 2259 ||| DRINKING 2 bubbling inky potions.
  2259 | D:2      | Gained mutation: Your natural rate of healing is unusually
                  | fast. [potion of mutation]
  2259 | D:2      | Gained mutation: Your large and strong wings let you fly.
                  | [potion of mutation]
  2639 | D:3      | 2639 ||| Stepping ~*~*~tactically~*~*~ (stealth).
  2642 | D:3      | 2642 ||| Stepping ~*~*~tactically~*~*~ (stealth).
  2644 | D:3      | 2644 ||| Stepping ~*~*~tactically~*~*~ (hiding).
  2662 | D:3      | Reached skill level 4 in Shields
  2662 | D:3      | Reached XP level 5. HP: 32/32 MP: 5/5
  2666 | D:3      | 2666 ||| DROPPING +0 whip.
  2695 | D:3      | Found a stormy altar of Qazlal.
  2767 | D:3      | Noticed Grinder
  2768 | D:3      | 2768 ||| Stepping ~*~*~tactically~*~*~ (stealth).
  2782 | D:3      | 2782 ||| Stepping ~*~*~tactically~*~*~ (hiding).
  2795 | D:3      | 2795 ||| Stepping ~*~*~tactically~*~*~ (hiding).
  2801 | D:3      | Killed Grinder
  2802 | D:3      | Reached skill level 6 in Shields
  2802 | D:3      | Reached XP level 6. HP: 36/37 MP: 6/6
  3172 | D:3      | 3172 ||| UPGRADING to +0 plate armour.
  3182 | D:3      | 3182 ||| DROPPING +0 scale mail.
  3183 | D:3      | 3183 ||| UPGRADING to +0 helmet.
  3188 | D:3      | 3188 ||| READING 2 scrolls labelled CYOSUI YGROI.
  3189 | D:3      | 3189 ||| READING scroll of enchant weapon.
  3189 | D:3      | 3189 ||| ENCHANTING +1 war axe of protection.
  3190 | D:3      | 3190 ||| READING 4 scrolls of identify.
  3190 | D:3      | 3190 ||| IDENTIFYING yellow potion
  3191 | D:3      | 3191 ||| READING 3 scrolls of identify.
  3191 | D:3      | 3191 ||| IDENTIFYING silvery potion
  3192 | D:3      | 3192 ||| READING 2 scrolls of identify.
  3192 | D:3      | 3192 ||| IDENTIFYING lumpy silvery potion
  3193 | D:3      | 3193 ||| DROPPING potion of degeneration.
  3194 | D:3      | 3194 ||| DROPPING potion of invisibility.
  3285 | D:4      | 3285 ||| Stepping ~*~*~tactically~*~*~ (stealth).
  3289 | D:4      | 3289 ||| Stepping ~*~*~tactically~*~*~ (stealth).
  3322 | D:4      | Found a glowing golden altar of the Shining One.
  3340 | D:4      | Reached XP level 7. HP: 41/41 MP: 7/7
  3372 | D:4      | 3372 ||| Stepping ~*~*~tactically~*~*~ (stealth).
  3373 | D:4      | 3373 ||| Stepping ~*~*~tactically~*~*~ (stealth).
  3388 | D:4      | Found a staircase to the Ecumenical Temple.
  3400 | D:4      | Noticed Pikel
  3425 | D:4      | 3425 ||| Stepping ~*~*~tactically~*~*~ (stealth).
  3521 | D:4      | Noticed Blork the orc
  3522 | D:4      | 3522 ||| Stepping ~*~*~tactically~*~*~ (stealth).
  3524 | D:4      | 3524 ||| Stepping ~*~*~tactically~*~*~ (hiding).
  3532 | D:4      | Killed Blork the orc
  3615 | D:4      | 3615 ||| Stepping ~*~*~tactically~*~*~ (stealth).
  3616 | D:4      | 3616 ||| Stepping ~*~*~tactically~*~*~ (stealth).
  3631 | D:4      | Killed Pikel
  3631 | D:4      | HP: 10/43 [ogre/+0 giant club (6)]
  3632 | D:4      | Reached XP level 8. HP: 11/48 MP: 8/8
  3708 | D:4      | Found a radiant altar of Vehumet.
  3817 | D:5      | Entered Level 5 of the Dungeon
  3949 | D:5      | 3949 ||| Stepping ~*~*~tactically~*~*~ (hiding).
  3958 | D:5      | Reached skill level 1 in Dodging
  3988 | D:5      | Found a runed translucent gate.
  3988 | D:5      | Found a runed translucent gate.
  3988 | D:5      | Found a runed translucent gate.
  3995 | D:5      | 3995 ||| Stepping ~*~*~tactically~*~*~ (hiding).
  4078 | D:5      | Reached skill level 7 in Shields
  4110 | D:5      | Reached skill level 1 in Throwing
  4157 | D:5      | Noticed qw's ghost (novice GrFi)
  4180 | D:5      | Reached XP level 9. HP: 36/54 MP: 9/9
  4530 | D:5      | 4530 ||| READING scroll labelled FANEZI IKKATOI.
  4558 | D:6      | 4558 ||| PLANNING SEWER
  4562 | D:6      | 4562 ||| STAIRDANCE
  4612 | D:6      | 4612 ||| STAIRDANCE
  4615 | D:5      | Reached skill level 6 in Fighting
  4660 | D:6      | 4660 ||| STAIRDANCE
  4725 | D:6      | 4725 ||| READING scroll of enchant armour.
  4725 | D:6      | 4725 ||| ENCHANTING +0 helmet.
  4743 | D:6      | 4743 ||| Stepping ~*~*~tactically~*~*~ (hiding).
  4755 | D:6      | Found a glowing drain.
  4779 | Sewer    | Entered a sewer
  4826 | Sewer    | Noticed Pargi
  4837 | Sewer    | Killed Pargi
  4879 | Sewer    | 4879 ||| DROPPING amulet of faith.
  4880 | Sewer    | 4880 ||| DRINKING 2 white potions.
  4881 | Sewer    | 4881 ||| READING 2 scrolls of identify.
  4881 | Sewer    | 4881 ||| IDENTIFYING bubbling pink potion
  4899 | D:6      | 4899 ||| PLANNING D:1-11
  4923 | D:6      | Found Zin's Purification Station.
  4928 | D:6      | Found a glowing silver altar of Zin.
  4931 | D:6      | 4931 ||| BUYING potion of curing (90 gold).
  4931 | D:6      | Bought a potion of curing for 90 gold pieces
  5006 | D:6      | Found a burning altar of Makhleb.
  5034 | D:6      | 5034 ||| Stepping ~*~*~tactically~*~*~ (hiding).
  5036 | D:6      | Noticed Prince Ribbit
  5058 | D:6      | Killed Prince Ribbit
  5099 | D:6      | Noticed Edmund
  5119 | D:6      | Killed Edmund
  5120 | D:6      | Reached skill level 8 in Shields
  5122 | D:6      | 5122 ||| DROPPING +0 flail.
  5285 | D:6      | 5285 ||| READING scroll of enchant weapon.
  5285 | D:6      | 5285 ||| ENCHANTING +2 war axe of protection.
  5293 | D:6      | 5293 ||| READING scroll of enchant armour.
  5293 | D:6      | 5293 ||| ENCHANTING +1 helmet.
  5479 | D:6      | 5479 ||| READING scroll labelled GOKHEFUGEU.
  5480 | D:6      | 5480 ||| READING 2 scrolls of identify.
  5480 | D:6      | 5480 ||| IDENTIFYING bubbling puce potion
  5569 | D:7      | 5569 ||| READING scroll of enchant weapon.
  5569 | D:7      | 5569 ||| ENCHANTING +3 war axe of protection.
  5597 | D:7      | Reached skill level 9 in Axes
  5606 | D:7      | Reached XP level 10. HP: 60/60 MP: 10/10
  5635 | D:7      | 5635 ||| Stepping ~*~*~tactically~*~*~ (hiding).
  5658 | D:7      | Found a snail-covered altar of Cheibriados.
  5726 | D:7      | 5726 ||| Stepping ~*~*~tactically~*~*~ (hiding).
  5727 | D:7      | 5727 ||| Stepping ~*~*~tactically~*~*~ (hiding).
  6070 | D:7      | 6070 ||| UPGRADING to +0 cloak.
  6075 | D:7      | 6075 ||| READING scroll labelled EMOASH POIT.
  6176 | D:7      | 6176 ||| READING scroll labelled KISHOL APNABO.
  6217 | D:8      | Found an iron altar of Okawaru.
  6218 | D:8      | 6218 ||| PLANNING OKAWARU WORSHIP
  6225 | D:8      | Became a worshipper of Warmaster Okawaru
  6226 | D:8      | 6226 ||| PLANNING D:1-11
  6266 | D:8      | 6266 ||| Stepping ~*~*~tactically~*~*~ (hiding).
  6275 | D:8      | Reached skill level 6 in Armour
  6421 | D:8      | 6421 ||| Stepping ~*~*~tactically~*~*~ (stealth).
  6424 | D:8      | 6424 ||| Stepping ~*~*~tactically~*~*~ (hiding).
  6449 | D:8      | Reached skill level 9 in Shields
  6546 | D:8      | HP: 15/63 [gnoll/+0 halberd[a gnoll sergeant] (5)]
  6547 | D:8      | 6547 ||| READING scroll of teleportation.
  6619 | D:8      | Found a hazy altar of Hepliaklqana.
  6679 | D:8      | 6679 ||| Stepping ~*~*~tactically~*~*~ (stealth).
  6701 | D:8      | Noticed a two-headed ogre
  6711 | D:8      | Reached * piety under Okawaru
  6712 | D:8      | 6712 ||| Stepping ~*~*~tactically~*~*~ (stealth).
  6713 | D:8      | 6713 ||| INVOKING Heroism.
  6714 | D:8      | Killed a two-headed ogre
  6728 | D:8      | 6728 ||| Stepping ~*~*~tactically~*~*~ (stealth).
  6744 | D:8      | Reached ** piety under Okawaru
  6747 | D:8      | 6747 ||| DROPPING +4 flail of holy wrath.
  6800 | D:8      | Reached skill level 3 in Invocations
  6880 | D:8      | 6880 ||| READING 2 scrolls of identify.
  6880 | D:8      | 6880 ||| IDENTIFYING fizzy orange potion
  6911 | D:9      | 6911 ||| READING 2 scrolls of enchant weapon.
  6911 | D:9      | 6911 ||| ENCHANTING +4 war axe of protection.
  6912 | D:9      | 6912 ||| READING scroll of enchant weapon.
  6912 | D:9      | 6912 ||| ENCHANTING +5 war axe of protection.
  6935 | D:9      | You are sucked into a shaft and drop 1 floor!
  6935 | D:10     | Entered Level 10 of the Dungeon
  6952 | D:10     | Noticed Harold
  6953 | D:10     | 6953 ||| INVOKING Heroism.
  6956 | D:10     | Noticed Nergalle
  6972 | D:10     | Killed Harold
  6976 | D:10     | Killed Nergalle
  6977 | D:10     | Reached XP level 11. HP: 57/69 MP: 12/14
  7129 | D:10     | Noticed a two-headed ogre
  7130 | D:10     | 7130 ||| INVOKING Heroism.
  7134 | D:10     | Killed a two-headed ogre
  7170 | D:9      | 7170 ||| INVOKING Heroism.
  7186 | D:9      | Reached *** piety under Okawaru
  7260 | D:9      | Found Baisobor's Book Shoppe.
  7344 | D:9      | 7344 ||| INVOKING Heroism.
  7379 | D:9      | 7379 ||| Stepping ~*~*~tactically~*~*~ (stealth).
  7390 | D:9      | 7390 ||| Stepping ~*~*~tactically~*~*~ (stealth).
  7392 | D:9      | 7392 ||| INVOKING Heroism.
  7422 | D:9      | 7422 ||| Stepping ~*~*~tactically~*~*~ (stealth).
  7425 | D:9      | 7425 ||| Stepping ~*~*~tactically~*~*~ (stealth).
  7426 | D:9      | 7426 ||| READING scroll of enchant armour.
  7426 | D:9      | 7426 ||| ENCHANTING +0 cloak.
  7605 | D:9      | 7605 ||| READING scroll labelled OFFAIR XYHOLUATSI.
  7651 | D:10     | 7651 ||| Stepping ~*~*~tactically~*~*~ (stealth).
  7660 | D:10     | 7660 ||| INVOKING Heroism.
  7662 | D:10     | 7662 ||| Stepping ~*~*~tactically~*~*~ (stealth).
  7806 | D:10     | Found a staircase to the Lair.
  7969 | D:10     | Identified the +11 falchion "Xuusouv" {vorpal, rF+ Str+3}
  8161 | D:10     | Found a white marble altar of Elyvilon.
  8182 | D:10     | 8182 ||| PLANNING LAIR
  8182 | D:10     | 8182 ||| DRINKING 2 black potions.
  8283 | D:10     | 8283 ||| DROPPING potion of ambrosia.
  8309 | Lair:1   | Entered Level 1 of the Lair of Beasts
  8309 | Lair:1   | Noticed Gastronok
  8309 | Lair:1   | Noticed a death yak
  8310 | Lair:1   | 8310 ||| INVOKING Heroism.
  8321 | Lair:1   | Reached **** piety under Okawaru
  8322 | Lair:1   | Reached skill level 10 in Shields
  8323 | Lair:1   | Killed a death yak
  8324 | Lair:1   | Reached skill level 9 in Fighting
  8333 | Lair:1   | Killed Gastronok
  8369 | Lair:1   | 8369 ||| Stepping ~*~*~tactically~*~*~ (stealth).
  8397 | Lair:1   | 8397 ||| INVOKING Heroism.
  8407 | Lair:1   | Reached skill level 6 in Invocations
  8482 | Lair:1   | 8482 ||| INVOKING Heroism.
  8488 | Lair:1   | Reached XP level 12. HP: 76/76 MP: 13/16
  8520 | Lair:1   | Reached ***** piety under Okawaru
  8527 | Lair:1   | 8527 ||| INVOKING Heroism.
  8547 | Lair:1   | Received a gift from Okawaru
  8557 | Lair:1   | Identified the +2 kite shield of True Grit {rC+ SInv}
                  | (Okawaru gifted it to you on level 1 of the Lair of Beasts)
  8557 | Lair:1   | Received a gift from Okawaru
  8562 | Lair:1   | 8562 ||| INVOKING Heroism.
  8580 | Lair:1   | Reached skill level 12 in Axes
  8581 | Lair:1   | 8581 ||| INVOKING Heroism.
  8614 | Lair:1   | 8614 ||| READING scroll of enchant weapon.
  8614 | Lair:1   | 8614 ||| ENCHANTING +6 war axe of protection.
  8760 | Lair:1   | Noticed Erica
  8761 | Lair:1   | 8761 ||| INVOKING Heroism.
  8762 | Lair:1   | 8762 ||| INVOKING Finesse.
  8763 | Lair:1   | 8763 ||| INVOKING Finesse.
  8776 | Lair:1   | Killed Erica
  8787 | Lair:1   | Reached skill level 9 in Invocations
  8857 | Lair:1   | Found a runed translucent gate.
  8858 | Lair:1   | Found a runed translucent gate.
  8858 | Lair:1   | Found a runed translucent gate.
  8859 | Lair:1   | Noticed an 11-headed hydra
  8859 | Lair:1   | Noticed qw's ghost (journeyman GrFi)
  8885 | Lair:1   | 8885 ||| INVOKING Heroism.
  9319 | Lair:1   | 9319 ||| UPGRADING to +2 kite shield of True Grit {rC+
                  | SInv}.
  9329 | Lair:1   | 9329 ||| DROPPING +0 kite shield.
  9330 | Lair:1   | 9330 ||| READING scroll labelled COIGIAM XAOLE.
  9330 | Lair:1   | Identified a scroll of acquirement
  9330 | Lair:1   | 9330 ||| ACQUIRING scarf of repulsion
  9330 | Lair:1   | Acquired a scarf of repulsion
  9332 | Lair:1   | 9332 ||| UPGRADING to scarf of repulsion.
  9360 | Lair:2   | 9360 ||| INVOKING Heroism.
  9535 | Lair:2   | Reached skill level 3 in Throwing
  9549 | Lair:2   | 9549 ||| INVOKING Heroism.
  9595 | Lair:2   | 9595 ||| INVOKING Heroism.
  9672 | Lair:2   | Noticed a five-headed hydra
  9673 | Lair:2   | 9673 ||| INVOKING Heroism.
  9674 | Lair:2   | 9674 ||| INVOKING Finesse.
  9676 | Lair:2   | 9676 ||| SWAPPING to +2 vampiric whip.
  9686 | Lair:2   | Killed a five-headed hydra
  9687 | Lair:2   | 9687 ||| SWAPPING to +7 war axe of protection.
  9756 | Lair:2   | Found a hole to the Spider Nest.
 10007 | Lair:2   | 10007 ||| Stepping ~*~*~tactically~*~*~ (stealth).
 10067 | Lair:2   | Reached XP level 13. HP: 80/80 MP: 20/20
 10069 | Lair:2   | 10069 ||| Stepping ~*~*~tactically~*~*~ (hiding).
 10443 | Lair:2   | 10443 ||| READING scroll labelled MEADUO VUETU.
 10444 | Lair:2   | 10444 ||| READING 4 scrolls of identify.
 10444 | Lair:2   | 10444 ||| IDENTIFYING bubbling black potion
 10445 | Lair:2   | 10445 ||| READING 3 scrolls of identify.
 10445 | Lair:2   | 10445 ||| IDENTIFYING fuming white potion
 10446 | Lair:2   | 10446 ||| READING 2 scrolls of identify.
 10446 | Lair:2   | 10446 ||| IDENTIFYING glowing green potion
 10447 | Lair:2   | 10447 ||| DROPPING potion of brilliance.
 10448 | Lair:2   | 10448 ||| DROPPING potion of flight.
 10484 | Lair:3   | 10484 ||| DROPPING +0 flail of protection.
 10574 | Lair:3   | 10574 ||| READING scroll of acquirement.
 10574 | Lair:3   | 10574 ||| ACQUIRING 620 gold pieces
 10574 | Lair:3   | Acquired 620 gold pieces
 10615 | Lair:3   | 10615 ||| INVOKING Heroism.
 10625 | Lair:3   | Received a gift from Okawaru
 10693 | Lair:3   | 10693 ||| INVOKING Heroism.
 10729 | Lair:3   | Found a staircase to the Shoals.
 10730 | Lair:3   | 10730 ||| Stepping ~*~*~tactically~*~*~ (hiding).
 10908 | Lair:3   | 10908 ||| INVOKING Heroism.
 11032 | Lair:3   | 11032 ||| INVOKING Heroism.
 11065 | Lair:3   | 11065 ||| INVOKING Heroism.
 11071 | Lair:3   | Noticed a dire elephant
 11100 | Lair:3   | Killed a dire elephant
 11149 | Lair:3   | Noticed a dire elephant
 11150 | Lair:3   | 11150 ||| Stepping ~*~*~tactically~*~*~ (hiding).
 11159 | Lair:3   | 11159 ||| INVOKING Heroism.
 11177 | Lair:3   | Killed a dire elephant
 11183 | Lair:3   | Reached skill level 11 in Shields
 11228 | Lair:3   | 11228 ||| READING scroll of enchant weapon.
 11228 | Lair:3   | 11228 ||| ENCHANTING +7 war axe of protection.
 11303 | Lair:3   | 11303 ||| READING scroll labelled DEIMUPR FENI.
 11333 | Lair:4   | 11333 ||| STAIRDANCE
 11373 | Lair:4   | 11373 ||| Stepping ~*~*~tactically~*~*~ (stealth).
 11375 | Lair:4   | 11375 ||| INVOKING Heroism.
 11383 | Lair:4   | 11383 ||| Stepping ~*~*~tactically~*~*~ (stealth).
 11411 | Lair:4   | Found a staircase to the Slime Pits.
 11659 | Lair:4   | 11659 ||| INVOKING Heroism.
 11668 | Lair:4   | Reached skill level 9 in Armour
 11794 | Lair:4   | 11794 ||| INVOKING Heroism.
 11812 | Lair:4   | Received a gift from Okawaru
 11814 | Lair:4   | 11814 ||| Stepping ~*~*~tactically~*~*~ (stealth).
 11816 | Lair:4   | 11816 ||| Stepping ~*~*~tactically~*~*~ (stealth).
 11945 | Lair:4   | 11945 ||| INVOKING Heroism.
 11966 | Lair:4   | You are sucked into a shaft and drop 1 floor!
 11966 | Lair:5   | Entered Level 5 of the Lair of Beasts
 11972 | Lair:5   | 11972 ||| INVOKING Heroism.
 11976 | Lair:5   | 11976 ||| INVOKING Finesse.
 11989 | Lair:5   | 11989 ||| Stepping ~*~*~tactically~*~*~ (stealth).
 11990 | Lair:5   | 11990 ||| Stepping ~*~*~tactically~*~*~ (stealth).
 12021 | Lair:5   | Received a gift from Okawaru
 12052 | Lair:5   | Received a gift from Okawaru
 12076 | Lair:5   | 12076 ||| SWAPPING to +1 broad axe of electrocution.
 12077 | Lair:5   | 12077 ||| DROPPING +8 war axe of protection.
 12124 | Lair:5   | 12124 ||| Stepping ~*~*~tactically~*~*~ (stealth).
 12125 | Lair:5   | 12125 ||| Stepping ~*~*~tactically~*~*~ (stealth).
 12127 | Lair:5   | 12127 ||| Stepping ~*~*~tactically~*~*~ (stealth).
 12130 | Lair:5   | 12130 ||| INVOKING Heroism.
 12133 | Lair:5   | Mutation became permanent: Your large and strong wings let
                  | you fly. [Gargoyle growth]
 12133 | Lair:5   | Gained mutation: Your large and strong wings let you fly.
                  | [Gargoyle growth]
 12133 | Lair:5   | Reached XP level 14. HP: 78/88 MP: 18/21
 12135 | Lair:5   | 12135 ||| INVOKING Finesse.
 12141 | Lair:5   | 12141 ||| SWAPPING to +2 vampiric whip.
 12147 | Lair:5   | 12147 ||| Stepping ~*~*~tactically~*~*~ (outnumbered).
 12148 | Lair:5   | 12148 ||| Stepping ~*~*~tactically~*~*~ (outnumbered).
 12149 | Lair:5   | 12149 ||| Stepping ~*~*~tactically~*~*~ (outnumbered).
 12150 | Lair:5   | 12150 ||| Stepping ~*~*~tactically~*~*~ (outnumbered).
 12151 | Lair:5   | 12151 ||| Stepping ~*~*~tactically~*~*~ (outnumbered).
 12152 | Lair:5   | 12152 ||| Stepping ~*~*~tactically~*~*~ (outnumbered).
 12153 | Lair:5   | 12153 ||| Stepping ~*~*~tactically~*~*~ (outnumbered).
 12154 | Lair:5   | 12154 ||| Stepping ~*~*~tactically~*~*~ (outnumbered).
 12155 | Lair:5   | 12155 ||| Stepping ~*~*~tactically~*~*~ (outnumbered).
 12169 | Lair:5   | 12169 ||| SWAPPING to +1 broad axe of electrocution.
 12170 | Lair:5   | 12170 ||| SWAPPING to +2 vampiric whip.
 12171 | Lair:5   | 12171 ||| Stepping ~*~*~tactically~*~*~ (outnumbered).
 12172 | Lair:5   | 12172 ||| Stepping ~*~*~tactically~*~*~ (outnumbered).
 12174 | Lair:5   | 12174 ||| SWAPPING to +1 broad axe of electrocution.
 12177 | Lair:5   | 12177 ||| SWAPPING to +2 vampiric whip.
 12179 | Lair:5   | 12179 ||| SWAPPING to +1 broad axe of electrocution.
 12181 | Lair:5   | 12181 ||| SWAPPING to +2 vampiric whip.
 12184 | Lair:5   | 12184 ||| SWAPPING to +1 broad axe of electrocution.
 12186 | Lair:5   | 12186 ||| UPGRADING to ring of resist corrosion.
 12187 | Lair:5   | 12187 ||| SWAPPING to +2 vampiric whip.
 12198 | Lair:5   | 12198 ||| INVOKING Finesse.
 12201 | Lair:5   | 12201 ||| SWAPPING to +1 broad axe of electrocution.
 12202 | Lair:5   | 12202 ||| READING scroll labelled HECISE WOKEGHIRO.
 12217 | Lair:4   | 12217 ||| Stepping ~*~*~tactically~*~*~ (stealth).
 12220 | Lair:4   | 12220 ||| Stepping ~*~*~tactically~*~*~ (stealth).
 12221 | Lair:4   | 12221 ||| Stepping ~*~*~tactically~*~*~ (stealth).
 12222 | Lair:4   | 12222 ||| Stepping ~*~*~tactically~*~*~ (stealth).
 12232 | Lair:4   | 12232 ||| Stepping ~*~*~tactically~*~*~ (stealth).
 12343 | Lair:4   | 12343 ||| Stepping ~*~*~tactically~*~*~ (stealth).
 12344 | Lair:4   | 12344 ||| Stepping ~*~*~tactically~*~*~ (stealth).
 12444 | Lair:5   | 12444 ||| STAIRDANCE
 12496 | Lair:5   | 12496 ||| Stepping ~*~*~tactically~*~*~ (stealth).
 12497 | Lair:5   | 12497 ||| Stepping ~*~*~tactically~*~*~ (stealth).
 12501 | Lair:5   | 12501 ||| Stepping ~*~*~tactically~*~*~ (stealth).
 12508 | Lair:5   | 12508 ||| INVOKING Heroism.
 12535 | Lair:5   | 12535 ||| Stepping ~*~*~tactically~*~*~ (stealth).
 12640 | Lair:5   | 12640 ||| Stepping ~*~*~tactically~*~*~ (stealth).
 12647 | Lair:5   | Reached skill level 12 in Shields
 12751 | Lair:5   | 12751 ||| Stepping ~*~*~tactically~*~*~ (hiding).
 12769 | Lair:5   | 12769 ||| Stepping ~*~*~tactically~*~*~ (stealth).
 12771 | Lair:5   | 12771 ||| INVOKING Heroism.
 13004 | Lair:5   | Identified the -2 pair of boots of Spite {rC+ Will++ Str-5
                  | Dex+4} (Okawaru gifted it to you on level 5 of the Lair of
                  | Beasts)
 13004 | Lair:5   | Received a gift from Okawaru
 13050 | Lair:5   | 13050 ||| INVOKING Heroism.
 13103 | Lair:5   | 13103 ||| INVOKING Heroism.
 13122 | Lair:5   | Identified the +12 falchion "Gargoyle's Regret" {elec,
                  | rElec rPois}
 13159 | Lair:5   | 13159 ||| INVOKING Heroism.
 13236 | Lair:5   | 13236 ||| Stepping ~*~*~tactically~*~*~ (stealth).
 13238 | Lair:5   | 13238 ||| Stepping ~*~*~tactically~*~*~ (stealth).
 13239 | Lair:5   | 13239 ||| INVOKING Heroism.
 13240 | Lair:5   | 13240 ||| INVOKING Finesse.
 13261 | Lair:5   | Reached skill level 15 in Axes
 13303 | Lair:5   | 13303 ||| INVOKING Heroism.
 13305 | Lair:5   | 13305 ||| SWAPPING to +2 vampiric whip.
 13316 | Lair:5   | 13316 ||| SWAPPING to +1 broad axe of electrocution.
 13356 | Lair:5   | 13356 ||| DROPPING +2 vampiric whip.
 13430 | Lair:5   | 13430 ||| INVOKING Heroism.
 13431 | Lair:5   | 13431 ||| INVOKING Finesse.
 13434 | Lair:5   | 13434 ||| SWAPPING to +3 morningstar of flaming.
 13441 | Lair:5   | 13441 ||| SWAPPING to +1 broad axe of electrocution.
 13612 | Lair:5   | 13612 ||| PLANNING D:1-11
 13612 | Lair:5   | 13612 ||| UPGRADING to -2 pair of boots of Spite {rC+
                  | Will++ Str-5 Dex+4}.
 13617 | Lair:5   | 13617 ||| UPGRADING to +6 ring of strength.
 13618 | Lair:5   | 13618 ||| READING 6 scrolls of identify.
 13618 | Lair:5   | 13618 ||| IDENTIFYING fuming coppery potion
 13750 | D:11     | 13750 ||| READING 2 scrolls of brand weapon.
 13750 | D:11     | 13750 ||| BRANDING +1 broad axe of electrocution.
 13751 | D:11     | 13751 ||| READING scroll of brand weapon.
 13751 | D:11     | 13751 ||| BRANDING +1 vorpal broad axe.
 13766 | D:11     | 13766 ||| INVOKING Heroism.
 13767 | D:11     | 13767 ||| INVOKING Finesse.
 13769 | D:11     | 13769 ||| SWAPPING to +3 morningstar of flaming.
 13773 | D:11     | 13773 ||| SWAPPING to +1 spectral broad axe.
 13849 | D:11     | 13849 ||| Stepping ~*~*~tactically~*~*~ (stealth).
 13851 | D:11     | 13851 ||| Stepping ~*~*~tactically~*~*~ (stealth).
 13853 | D:11     | 13853 ||| INVOKING Heroism.
 13870 | D:11     | 13870 ||| Stepping ~*~*~tactically~*~*~ (hiding).
 13916 | D:11     | 13916 ||| Stepping ~*~*~tactically~*~*~ (hiding).
 13924 | D:11     | Reached skill level 3 in Dodging
 13938 | D:11     | Found a bloodstained altar of Trog.
 13939 | D:11     | 13939 ||| Stepping ~*~*~tactically~*~*~ (hiding).
 14274 | D:11     | 14274 ||| Stepping ~*~*~tactically~*~*~ (stealth).
 14276 | D:11     | 14276 ||| Stepping ~*~*~tactically~*~*~ (stealth).
 14278 | D:11     | 14278 ||| Stepping ~*~*~tactically~*~*~ (hiding).
 14284 | D:11     | 14284 ||| INVOKING Heroism.
 14286 | D:11     | 14286 ||| Stepping ~*~*~tactically~*~*~ (hiding).
 14580 | D:11     | 14580 ||| PLANNING D
 14619 | D:12     | 14619 ||| INVOKING Heroism.
 14721 | D:12     | 14721 ||| Stepping ~*~*~tactically~*~*~ (stealth).
 14744 | D:12     | 14744 ||| Stepping ~*~*~tactically~*~*~ (stealth).
 14843 | D:12     | 14843 ||| INVOKING Heroism.
 14864 | D:12     | HP: 22/91 [skeletal warrior/+0 vorpal battleaxe (3)]
 14865 | D:12     | 14865 ||| READING 3 scrolls of teleportation.
 14868 | D:12     | 14868 ||| DRINKING 7 potions of heal wounds.
 14869 | D:12     | Found a staircase to the Orcish Mines.
 14880 | D:12     | 14880 ||| INVOKING Heroism.
 15030 | D:12     | 15030 ||| READING scroll of enchant armour.
 15030 | D:12     | 15030 ||| ENCHANTING +0 plate armour.
 15065 | D:12     | Reached skill level 12 in Fighting
 15175 | D:12     | 15175 ||| Stepping ~*~*~tactically~*~*~ (stealth).
 15176 | D:12     | 15176 ||| INVOKING Heroism.
 15294 | D:13     | 15294 ||| Stepping ~*~*~tactically~*~*~ (hiding).
 15296 | D:13     | 15296 ||| Stepping ~*~*~tactically~*~*~ (hiding).
 15362 | D:13     | 15362 ||| Stepping ~*~*~tactically~*~*~ (hiding).
 15363 | D:13     | 15363 ||| Stepping ~*~*~tactically~*~*~ (hiding).
 15368 | D:13     | 15368 ||| INVOKING Heroism.
 15373 | D:13     | Reached XP level 15. HP: 66/96 MP: 19/22
 15630 | D:13     | 15630 ||| READING scroll of enchant armour.
 15630 | D:13     | 15630 ||| ENCHANTING +1 plate armour.
 15798 | D:13     | 15798 ||| INVOKING Heroism.
 15802 | D:13     | Received a gift from Okawaru
 15852 | D:13     | 15852 ||| INVOKING Heroism.
 16201 | D:14     | 16201 ||| Stepping ~*~*~tactically~*~*~ (stealth).
 16202 | D:14     | 16202 ||| INVOKING Heroism.
 16206 | D:14     | 16206 ||| Stepping ~*~*~tactically~*~*~ (hiding).
 16207 | D:14     | 16207 ||| INVOKING Finesse.
 16210 | D:14     | 16210 ||| SWAPPING to +3 morningstar of flaming.
 16211 | D:14     | 16211 ||| Stepping ~*~*~tactically~*~*~ (outnumbered).
 16224 | D:14     | 16224 ||| SWAPPING to +1 spectral broad axe.
 16239 | D:14     | Reached skill level 6 in Throwing
 16239 | D:14     | 16239 ||| Stepping ~*~*~tactically~*~*~ (hiding).
 16240 | D:14     | 16240 ||| SWAPPING to +3 morningstar of flaming.
 16241 | D:14     | 16241 ||| Stepping ~*~*~tactically~*~*~ (outnumbered).
 16253 | D:14     | 16253 ||| SWAPPING to +1 spectral broad axe.
 16277 | D:14     | 16277 ||| INVOKING Heroism.
 16324 | D:14     | 16324 ||| READING scroll of enchant armour.
 16324 | D:14     | 16324 ||| ENCHANTING +2 plate armour.
 16329 | D:14     | Found a gate to the Vaults.
 16410 | D:14     | 16410 ||| INVOKING Heroism.
 16411 | D:14     | 16411 ||| SWAPPING to +3 morningstar of flaming.
 16412 | D:14     | 16412 ||| INVOKING Finesse.
 16417 | D:14     | 16417 ||| SWAPPING to +1 spectral broad axe.
 16520 | D:14     | Noticed Snorg
 16521 | D:14     | 16521 ||| INVOKING Finesse.
 16525 | D:14     | 16525 ||| Stepping ~*~*~tactically~*~*~ (stealth).
 16526 | D:14     | 16526 ||| Stepping ~*~*~tactically~*~*~ (stealth).
 16528 | D:14     | 16528 ||| INVOKING Heroism.
 16533 | D:14     | Killed Snorg
 16533 | D:14     | Received a gift from Okawaru
 16565 | D:14     | 16565 ||| Stepping ~*~*~tactically~*~*~ (stealth).
 16570 | D:14     | 16570 ||| INVOKING Heroism.
 16726 | D:14     | 16726 ||| INVOKING Heroism.
 16727 | D:14     | 16727 ||| INVOKING Finesse.
 16729 | D:14     | 16729 ||| SWAPPING to +3 morningstar of flaming.
 16735 | D:14     | 16735 ||| SWAPPING to +1 spectral broad axe.
 16796 | D:14     | 16796 ||| INVOKING Heroism.
 17043 | D:14     | 17043 ||| DROPPING ring of see invisible.
 17044 | D:14     | 17044 ||| UPGRADING to +4 ring of evasion.
 17046 | D:14     | 17046 ||| READING scroll labelled EZAENTEARI.
 17077 | D:15     | Entered Level 15 of the Dungeon
 17128 | D:15     | 17128 ||| Stepping ~*~*~tactically~*~*~ (hiding).
 17129 | D:15     | 17129 ||| Stepping ~*~*~tactically~*~*~ (hiding).
 17243 | D:15     | 17243 ||| Stepping ~*~*~tactically~*~*~ (hiding).
 17276 | D:15     | Noticed Nessos
 17277 | D:15     | 17277 ||| Stepping ~*~*~tactically~*~*~ (hiding).
 17278 | D:15     | 17278 ||| Stepping ~*~*~tactically~*~*~ (hiding).
 17279 | D:15     | 17279 ||| INVOKING Finesse.
 17280 | D:15     | 17280 ||| Stepping ~*~*~tactically~*~*~ (hiding).
 17282 | D:15     | 17282 ||| Stepping ~*~*~tactically~*~*~ (hiding).
 17283 | D:15     | Killed Nessos
 17283 | D:15     | Received a gift from Okawaru
 17385 | D:15     | 17385 ||| Stepping ~*~*~tactically~*~*~ (stealth).
 17387 | D:15     | 17387 ||| Stepping ~*~*~tactically~*~*~ (hiding).
 17390 | D:15     | 17390 ||| INVOKING Heroism.
 17580 | D:15     | 17580 ||| INVOKING Heroism.
 17602 | D:15     | Reached skill level 13 in Shields
 17608 | Abyss:2  | Cast into level 2 of the Abyss (a wizard)
 17662 | Abyss:2  | 17662 ||| Stepping ~*~*~tactically~*~*~ (stealth).
 17663 | Abyss:2  | 17663 ||| Stepping ~*~*~tactically~*~*~ (stealth).
 17670 | Abyss:2  | 17670 ||| Stepping ~*~*~tactically~*~*~ (stealth).
 17734 | Abyss:2  | 17734 ||| INVOKING Heroism.
 17738 | Abyss:2  | 17738 ||| Stepping ~*~*~tactically~*~*~ (stealth).
 17739 | Abyss:2  | 17739 ||| Stepping ~*~*~tactically~*~*~ (stealth).
 17765 | Abyss:2  | 17765 ||| DROPPING amulet of regeneration.
 17766 | Abyss:2  | 17766 ||| READING 10 scrolls of identify.
 17766 | Abyss:2  | 17766 ||| IDENTIFYING blue potion
 17767 | Abyss:2  | 17767 ||| DROPPING potion of berserk rage.
 17852 | Abyss:2  | Noticed a deep elf elementalist
 17857 | Abyss:2  | 17857 ||| INVOKING Heroism.
 17860 | Abyss:2  | Noticed a tentacled starspawn
 17867 | Abyss:2  | Paralysed by accursed screaming for 1 turns
 17870 | Abyss:2  | Killed a tentacled starspawn
 17870 | Abyss:2  | Noticed a green draconian monk
 17875 | Abyss:2  | HP: 23/96 [earth elemental[a deep elf elementalist] (11)]
 17876 | Abyss:2  | 17876 ||| READING 3 scrolls of teleportation.
 17877 | Abyss:2  | 17877 ||| DRINKING 7 potions of heal wounds.
 17880 | Abyss:2  | Killed a deep elf elementalist
 17883 | D:15     | Escaped the Abyss
 17966 | D:15     | Reached XP level 16. HP: 95/101 MP: 23/23
 18088 | D:15     | 18088 ||| Stepping ~*~*~tactically~*~*~ (hiding).
 18094 | D:15     | Identified the +1 hat "Faph" {rC+} (Okawaru gifted it to
                  | you on level 15 of the Dungeon)
 18094 | D:15     | Received a gift from Okawaru
 18199 | D:15     | Found a staircase to the Depths.
 18204 | D:15     | 18204 ||| PLANNING ORC
 18304 | Orc:1    | Entered Level 1 of the Orcish Mines
 18315 | Orc:1    | 18315 ||| Stepping ~*~*~tactically~*~*~ (stealth).
 18317 | Orc:1    | 18317 ||| INVOKING Heroism.
 18358 | Orc:2    | Entered Level 2 of the Orcish Mines
 18359 | Orc:2    | 18359 ||| PLANNING BAZAAR
 18372 | Orc:2    | 18372 ||| INVOKING Heroism.
 18429 | Orc:2    | 18429 ||| Stepping ~*~*~tactically~*~*~ (stealth).
 18432 | Orc:2    | 18432 ||| Stepping ~*~*~tactically~*~*~ (stealth).
 18433 | Orc:2    | 18433 ||| Stepping ~*~*~tactically~*~*~ (stealth).
 18434 | Orc:2    | 18434 ||| Stepping ~*~*~tactically~*~*~ (stealth).
 18475 | Orc:2    | 18475 ||| INVOKING Heroism.
 18620 | Orc:2    | 18620 ||| Stepping ~*~*~tactically~*~*~ (stealth).
 18628 | Orc:2    | 18628 ||| Stepping ~*~*~tactically~*~*~ (hiding).
 18630 | Orc:2    | 18630 ||| Stepping ~*~*~tactically~*~*~ (stealth).
 18631 | Orc:2    | 18631 ||| Stepping ~*~*~tactically~*~*~ (hiding).
 18634 | Orc:2    | 18634 ||| INVOKING Heroism.
 18717 | Orc:2    | Found a staircase to the Elven Halls.
 18717 | Orc:2    | Found a flickering gateway to a bazaar.
 18726 | Bazaar   | Entered a bazaar
 18728 | Bazaar   | Found Digeosam's Antique Armour Boutique.
 18732 | Bazaar   | 18732 ||| BUYING pair of boots (139 gold).
 18732 | Bazaar   | Bought a pair of boots for 139 gold pieces
 18732 | Bazaar   | 18732 ||| BUYING shiny plate armour (806 gold).
 18732 | Bazaar   | Bought a shiny plate armour for 806 gold pieces
 18732 | Bazaar   | 18732 ||| BUYING slimy chain mail (294 gold).
 18732 | Bazaar   | Bought a slimy chain mail for 294 gold pieces
 18732 | Bazaar   | Identified the +2 chain mail of Zuziun {+Inv Int+3 Dex+4}
                  | (You bought it in a shop in a bazaar)
 18732 | Bazaar   | Found Eseilas's Book Boutique.
 18732 | Bazaar   | Found Nomycug's General Store.
 18733 | Bazaar   | Found Donukk's Assorted Antiques.
 18738 | Bazaar   | 18738 ||| BUYING 2 scrolls labelled XYNTIR TYNLAFO (42
                  | gold).
 18738 | Bazaar   | Bought 2 scrolls labelled XYNTIR TYNLAFO for 42 gold pieces
 18738 | Bazaar   | 18738 ||| BUYING bound marble ring (105 gold).
 18738 | Bazaar   | Bought a bound marble ring for 105 gold pieces
 18738 | Bazaar   | Identified the ring of Jypt {Will+ rCorr} (You bought it in
                  | a shop in a bazaar)
 18738 | Bazaar   | 18738 ||| BUYING scroll of identify (42 gold).
 18738 | Bazaar   | Bought a scroll of identify for 42 gold pieces
 18748 | Bazaar   | 18748 ||| BUYING +1 plate armour of cold resistance (525
                  | gold).
 18748 | Bazaar   | Bought a +1 plate armour of cold resistance for 525 gold
                  | pieces
 18748 | Bazaar   | 18748 ||| BUYING scroll of teleportation (45 gold).
 18748 | Bazaar   | Bought a scroll of teleportation for 45 gold pieces
 18756 | Bazaar   | 18756 ||| UPGRADING to +3 plate armour of willpower.
 18766 | Bazaar   | 18766 ||| DROPPING +3 plate armour.
 18767 | Bazaar   | 18767 ||| DROPPING +2 chain mail of Zuziun {+Inv Int+3
                  | Dex+4}.
 18768 | Bazaar   | 18768 ||| READING 2 scrolls labelled XYNTIR TYNLAFO.
 18769 | Bazaar   | 18769 ||| DROPPING scroll of noise.
 18774 | Orc:2    | 18774 ||| PLANNING ORC
 18909 | Orc:2    | 18909 ||| Stepping ~*~*~tactically~*~*~ (hiding).
 18911 | Orc:2    | 18911 ||| INVOKING Heroism.
 18961 | Orc:2    | 18961 ||| INVOKING Heroism.
 19006 | Orc:2    | 19006 ||| INVOKING Heroism.
 19007 | Orc:2    | 19007 ||| INVOKING Finesse.
 19014 | Orc:2    | Found Sewabuo's Antique Weapon Shoppe.
 19024 | Orc:2    | HP: 22/101 [orc warlord/+0 dire flail (9)]
 19025 | Orc:2    | 19025 ||| READING 3 scrolls of teleportation.
 19026 | Orc:2    | 19026 ||| DRINKING 6 potions of heal wounds.
 19028 | Orc:2    | HP: 9/101 [orc priest/divine providence[an orc warlord]
                  | (14)]
 19029 | Orc:2    | 19029 ||| DRINKING 5 potions of heal wounds.
 19180 | Orc:2    | 19180 ||| INVOKING Heroism.
 19181 | Orc:2    | 19181 ||| INVOKING Finesse.
 19244 | Orc:2    | 19244 ||| INVOKING Heroism.
 19248 | Orc:2    | 19248 ||| Stepping ~*~*~tactically~*~*~ (hiding).
 19287 | Orc:2    | 19287 ||| Stepping ~*~*~tactically~*~*~ (hiding).
 19288 | Orc:2    | 19288 ||| Stepping ~*~*~tactically~*~*~ (hiding).
 19291 | Orc:2    | 19291 ||| INVOKING Heroism.
 19306 | Orc:2    | 19306 ||| Stepping ~*~*~tactically~*~*~ (stealth).
 19308 | Orc:2    | 19308 ||| Stepping ~*~*~tactically~*~*~ (hiding).
 19316 | Orc:2    | 19316 ||| Stepping ~*~*~tactically~*~*~ (hiding).
 19321 | Orc:2    | 19321 ||| INVOKING Heroism.
 19343 | Orc:2    | Found Xixe's Antique Armour Shoppe.
 19379 | Orc:2    | Found Ceafiukk's General Store.
 19385 | Orc:2    | 19385 ||| BUYING potion of magic (104 gold).
 19385 | Orc:2    | Bought a potion of magic for 104 gold pieces
 19385 | Orc:2    | 19385 ||| BUYING scroll of teleportation (39 gold).
 19385 | Orc:2    | Bought a scroll of teleportation for 39 gold pieces
 19408 | Orc:2    | Found Falop's Distillery.
 19425 | Orc:2    | 19425 ||| SHOPLISTING 2 potions of haste (300 gold, have
                  | 277).
 19425 | Orc:2    | 19425 ||| BUYING potion of cancellation (120 gold).
 19425 | Orc:2    | Bought a potion of cancellation for 120 gold pieces
 19425 | Orc:2    | 19425 ||| BUYING potion of cancellation (120 gold).
 19425 | Orc:2    | Bought a potion of cancellation for 120 gold pieces
 19425 | Orc:2    | 19425 ||| SHOPLISTING potion of mutation (120 gold, have
                  | 37).
 19477 | Orc:1    | 19477 ||| INVOKING Heroism.
 19642 | Orc:1    | Found Bugroidgh's Antique Armour Boutique.
 19649 | Orc:1    | 19649 ||| INVOKING Heroism.
 19764 | Orc:1    | 19764 ||| BUYING runed chain mail (202 gold).
 19764 | Orc:1    | Bought a runed chain mail for 202 gold pieces
 19764 | Orc:1    | 19764 ||| SHOPLISTING shiny helmet (202 gold, have 15).
 19795 | Orc:1    | 19795 ||| DROPPING +4 chain mail of poison resistance.
 19932 | Orc:1    | 19932 ||| INVOKING Heroism.
 20031 | Orc:1    | 20031 ||| INVOKING Heroism.
 20136 | Orc:1    | 20136 ||| PLANNING SPIDER:1-3
 20277 | Spider:1 | Entered Level 1 of the Spider Nest
 20278 | Spider:1 | 20278 ||| INVOKING Heroism.
 20280 | Spider:1 | 20280 ||| Stepping ~*~*~tactically~*~*~ (stealth).
 20300 | Spider:1 | HP: 20/103 [tarantella (9)]
 20301 | Spider:1 | 20301 ||| READING 3 scrolls of teleportation.
 20302 | Spider:1 | 20302 ||| DRINKING 4 potions of heal wounds.
 20303 | Spider:1 | 20303 ||| Stepping ~*~*~tactically~*~*~ (hiding).
 20304 | Spider:1 | 20304 ||| INVOKING Heroism.
 20308 | Spider:1 | HP: 24/104 [redback (5)]
 20309 | Spider:1 | 20309 ||| READING 2 scrolls of teleportation.
 20310 | Spider:1 | 20310 ||| DRINKING 3 potions of heal wounds.
 20330 | Spider:1 | 20330 ||| Stepping ~*~*~tactically~*~*~ (hiding).
 20349 | Spider:1 | 20349 ||| Stepping ~*~*~tactically~*~*~ (stealth).
 20382 | Spider:1 | 20382 ||| Stepping ~*~*~tactically~*~*~ (stealth).
 20384 | Spider:1 | 20384 ||| Stepping ~*~*~tactically~*~*~ (stealth).
 20409 | Spider:1 | 20409 ||| Stepping ~*~*~tactically~*~*~ (stealth).
 20413 | Spider:1 | 20413 ||| INVOKING Heroism.
 20434 | Spider:1 | 20434 ||| INVOKING Heroism.
 20472 | Spider:1 | 20472 ||| INVOKING Heroism.
 20510 | Spider:1 | Reached skill level 12 in Armour
 20535 | Spider:1 | 20535 ||| Stepping ~*~*~tactically~*~*~ (hiding).
 20538 | Spider:1 | 20538 ||| Stepping ~*~*~tactically~*~*~ (hiding).
 20539 | Spider:1 | 20539 ||| Stepping ~*~*~tactically~*~*~ (hiding).
 20541 | Spider:1 | 20541 ||| Stepping ~*~*~tactically~*~*~ (hiding).
 20542 | Spider:1 | 20542 ||| INVOKING Heroism.
 20704 | Spider:1 | 20704 ||| Stepping ~*~*~tactically~*~*~ (stealth).
 20776 | Spider:1 | 20776 ||| Stepping ~*~*~tactically~*~*~ (stealth).
 20797 | Spider:1 | 20797 ||| INVOKING Finesse.
 20798 | Spider:1 | 20798 ||| Stepping ~*~*~tactically~*~*~ (stealth).
 20801 | Spider:1 | 20801 ||| INVOKING Heroism.
 20818 | Spider:1 | 20818 ||| Stepping ~*~*~tactically~*~*~ (stealth).
 20838 | Spider:1 | 20838 ||| Stepping ~*~*~tactically~*~*~ (stealth).
 20839 | Spider:1 | 20839 ||| Stepping ~*~*~tactically~*~*~ (stealth).
 20846 | Spider:1 | Received a gift from Okawaru
 20857 | Spider:1 | 20857 ||| Stepping ~*~*~tactically~*~*~ (stealth).
 20877 | Spider:1 | 20877 ||| Stepping ~*~*~tactically~*~*~ (stealth).
 20878 | Spider:1 | 20878 ||| Stepping ~*~*~tactically~*~*~ (stealth).
 20908 | Spider:1 | 20908 ||| INVOKING Heroism.
 20909 | Spider:1 | 20909 ||| Stepping ~*~*~tactically~*~*~ (hiding).
 20973 | Spider:1 | 20973 ||| Stepping ~*~*~tactically~*~*~ (stealth).
 20990 | Spider:1 | 20990 ||| INVOKING Finesse.
 21229 | Spider:2 | 21229 ||| INVOKING Heroism.
 21235 | Spider:2 | 21235 ||| Stepping ~*~*~tactically~*~*~ (stealth).
 21266 | Spider:2 | 21266 ||| INVOKING Heroism.
 21278 | Spider:2 | Reached skill level 18 in Axes
 21320 | Spider:2 | 21320 ||| Stepping ~*~*~tactically~*~*~ (stealth).
 21321 | Spider:2 | 21321 ||| Stepping ~*~*~tactically~*~*~ (stealth).
 21324 | Spider:2 | 21324 ||| Stepping ~*~*~tactically~*~*~ (stealth).
 21332 | Spider:2 | 21332 ||| INVOKING Heroism.
 21336 | Spider:2 | HP: 24/104 [meliai/+0 war axe (3)]
 21337 | Spider:2 | 21337 ||| READING scroll of teleportation.
 21338 | Spider:2 | 21338 ||| DRINKING 2 potions of heal wounds.
 21416 | Spider:2 | 21416 ||| Stepping ~*~*~tactically~*~*~ (stealth).
 21417 | Spider:2 | 21417 ||| Stepping ~*~*~tactically~*~*~ (stealth).
 21424 | Spider:2 | Reached XP level 17. HP: 106/108 MP: 24/24
 21431 | Spider:2 | 21431 ||| Stepping ~*~*~tactically~*~*~ (stealth).
 21454 | Spider:2 | 21454 ||| Stepping randomly (stuck).
 21455 | Spider:2 | 21455 ||| Stepping randomly (stuck).
 21456 | Spider:2 | 21456 ||| Stepping randomly (stuck).
 21457 | Spider:2 | 21457 ||| Stepping randomly (stuck).
 21458 | Spider:2 | 21458 ||| Stepping randomly (stuck).
 21459 | Spider:2 | 21459 ||| Stepping randomly (stuck).
 21460 | Spider:2 | 21460 ||| Stepping randomly (stuck).
 21461 | Spider:2 | 21461 ||| Stepping randomly (stuck).
 21462 | Spider:2 | 21462 ||| Stepping randomly (stuck).
 21463 | Spider:2 | 21463 ||| Stepping randomly (stuck).
 21464 | Spider:2 | 21464 ||| Stepping randomly (stuck).
 21465 | Spider:2 | 21465 ||| Stepping randomly (stuck).
 21469 | Spider:2 | 21469 ||| Stepping randomly (stuck).
 21480 | Spider:2 | 21480 ||| Stepping randomly (stuck).
 21482 | Spider:2 | 21482 ||| Stepping ~*~*~tactically~*~*~ (stealth).
 21487 | Spider:2 | 21487 ||| FLEEEEING.
 21488 | Spider:2 | 21488 ||| FLEEEEING.
 21494 | Spider:2 | Received a gift from Okawaru
 21514 | Spider:2 | 21514 ||| Stepping randomly (stuck).
 21515 | Spider:2 | 21515 ||| Stepping randomly (stuck).
 21516 | Spider:2 | 21516 ||| Stepping randomly (stuck).
 21517 | Spider:2 | 21517 ||| Stepping randomly (stuck).
 21518 | Spider:2 | 21518 ||| Stepping randomly (stuck).
 21519 | Spider:2 | 21519 ||| Stepping randomly (stuck).
 21520 | Spider:2 | 21520 ||| Stepping randomly (stuck).
 21521 | Spider:2 | 21521 ||| Stepping randomly (stuck).
 21523 | Spider:2 | 21523 ||| Stepping randomly (stuck).
 21525 | Spider:2 | 21525 ||| Stepping randomly (stuck).
 21526 | Spider:2 | 21526 ||| Stepping randomly (stuck).
 21527 | Spider:2 | 21527 ||| Stepping randomly (stuck).
 21528 | Spider:2 | 21528 ||| Stepping randomly (stuck).
 21529 | Spider:2 | 21529 ||| Stepping randomly (stuck).
 21530 | Spider:2 | 21530 ||| Stepping randomly (stuck).
 21532 | Spider:2 | 21532 ||| Stepping randomly (stuck).
 21533 | Spider:2 | 21533 ||| Stepping randomly (stuck).
 21534 | Spider:2 | 21534 ||| Stepping randomly (stuck).
 21535 | Spider:2 | 21535 ||| Stepping randomly (stuck).
 21554 | Spider:2 | 21554 ||| Stepping randomly (stuck).
 21555 | Spider:2 | 21555 ||| Stepping randomly (stuck).
 21556 | Spider:2 | 21556 ||| Stepping randomly (stuck).
 21557 | Spider:2 | 21557 ||| Stepping randomly (stuck).
 21558 | Spider:2 | 21558 ||| Stepping randomly (stuck).
 21570 | Spider:2 | 21570 ||| Stepping randomly (stuck).
 21571 | Spider:2 | 21571 ||| Stepping randomly (stuck).
 21573 | Spider:2 | 21573 ||| Stepping randomly (stuck).
 21575 | Spider:2 | 21575 ||| Stepping randomly (stuck).
 21576 | Spider:2 | 21576 ||| Stepping randomly (stuck).
 21577 | Spider:2 | 21577 ||| Stepping randomly (stuck).
 21578 | Spider:2 | 21578 ||| Stepping randomly (stuck).
 21616 | Spider:2 | Identified the +7 arbalest "Zutofon" {penet, Will++ rCorr
                  | Int+4}
 21689 | Spider:2 | 21689 ||| Stepping ~*~*~tactically~*~*~ (stealth).
 21691 | Spider:2 | 21691 ||| Stepping ~*~*~tactically~*~*~ (stealth).
 21695 | Spider:2 | 21695 ||| Stepping ~*~*~tactically~*~*~ (stealth).
 21700 | Spider:2 | 21700 ||| INVOKING Heroism.
 21733 | Spider:2 | 21733 ||| Stepping ~*~*~tactically~*~*~ (stealth).
 21855 | Spider:2 | 21855 ||| Stepping ~*~*~tactically~*~*~ (stealth).
 21867 | Spider:2 | 21867 ||| INVOKING Heroism.
 21955 | Spider:2 | Found a runed translucent gate.
 21955 | Spider:2 | Found a runed translucent gate.
 21955 | Spider:2 | Found a runed translucent gate.
 21958 | Spider:2 | Noticed qw's ghost (adept GrFi)
 21958 | Spider:2 | Noticed qw's ghost (adept GrFi)
 22261 | Spider:3 | 22261 ||| INVOKING Heroism.
 22284 | Spider:3 | 22284 ||| Stepping ~*~*~tactically~*~*~ (hiding).
 22293 | Spider:3 | 22293 ||| INVOKING Finesse.
 22375 | Spider:3 | Noticed Arachne
 22376 | Spider:3 | 22376 ||| INVOKING Finesse.
 22387 | Spider:3 | Killed Arachne
 22472 | Spider:3 | Noticed Nikola
 22473 | Spider:3 | 22473 ||| Stepping ~*~*~tactically~*~*~ (hiding).
 22474 | Spider:3 | 22474 ||| Stepping ~*~*~tactically~*~*~ (hiding).
 22477 | Spider:3 | 22477 ||| INVOKING Heroism.
 22479 | Spider:3 | 22479 ||| INVOKING Finesse.
 22486 | Spider:3 | 22486 ||| Stepping ~*~*~tactically~*~*~ (hiding).
 22493 | Spider:3 | Killed Nikola
 22494 | Spider:3 | Reached skill level 14 in Shields
 22519 | Spider:3 | 22519 ||| Stepping ~*~*~tactically~*~*~ (stealth).
 22528 | Spider:3 | 22528 ||| INVOKING Finesse.
 22566 | Spider:3 | 22566 ||| Stepping ~*~*~tactically~*~*~ (stealth).
 22568 | Spider:3 | 22568 ||| Stepping ~*~*~tactically~*~*~ (stealth).
 22586 | Spider:3 | 22586 ||| READING scroll of acquirement.
 22586 | Spider:3 | 22586 ||| ACQUIRING 235 gold pieces
 22586 | Spider:3 | Acquired 235 gold pieces
 22599 | Spider:3 | 22599 ||| Stepping ~*~*~tactically~*~*~ (hiding).
 22602 | Spider:3 | 22602 ||| INVOKING Finesse.
 22755 | Spider:3 | 22755 ||| INVOKING Heroism.
 22779 | Spider:3 | 22779 ||| Stepping ~*~*~tactically~*~*~ (stealth).
 22780 | Spider:3 | 22780 ||| Stepping ~*~*~tactically~*~*~ (stealth).
 22782 | Spider:3 | 22782 ||| INVOKING Finesse.
 22847 | Spider:3 | 22847 ||| READING scroll of enchant armour.
 22847 | Spider:3 | 22847 ||| ENCHANTING +3 plate armour of willpower.
 22870 | Spider:3 | 22870 ||| Stepping ~*~*~tactically~*~*~ (stealth).
 22875 | Spider:3 | 22875 ||| INVOKING Heroism.
 22888 | Spider:3 | Received a gift from Okawaru
 22899 | Spider:3 | 22899 ||| Stepping ~*~*~tactically~*~*~ (stealth).
 22905 | Spider:3 | 22905 ||| Stepping ~*~*~tactically~*~*~ (hiding).
 22910 | Spider:3 | 22910 ||| INVOKING Finesse.
 22911 | Spider:3 | 22911 ||| UPGRADING to +0 pair of gloves.
 22918 | Spider:3 | 22918 ||| INVOKING Heroism.
 23196 | Spider:3 | 23196 ||| INVOKING Heroism.
 23304 | Spider:3 | 23304 ||| PLANNING SHOALS:1-3
 23389 | Shoals:1 | Entered Level 1 of the Shoals
 23390 | Shoals:1 | 23390 ||| INVOKING Heroism.
 23443 | Shoals:1 | 23443 ||| INVOKING Heroism.
 23444 | Shoals:1 | 23444 ||| INVOKING Finesse.
 23457 | Shoals:1 | Received a gift from Okawaru
 23490 | Shoals:1 | 23490 ||| INVOKING Heroism.
 23659 | Shoals:1 | Found Voffajio's Antique Armour Shoppe.
 23680 | Shoals:1 | 23680 ||| SHOPLISTING glowing plate armour (1014 gold, have
                  | 639).
 23680 | Shoals:1 | 23680 ||| BUYING runed tower shield (292 gold).
 23680 | Shoals:1 | Bought a runed tower shield for 292 gold pieces
 23791 | Shoals:1 | 23791 ||| INVOKING Heroism.
 23814 | Shoals:1 | 23814 ||| Stepping ~*~*~tactically~*~*~ (hiding).
 23815 | Shoals:1 | 23815 ||| INVOKING Finesse.
 24039 | Shoals:1 | 24039 ||| Stepping ~*~*~tactically~*~*~ (hiding).
 24387 | Shoals:1 | 24387 ||| UPGRADING to +2 tower shield.
 24397 | Shoals:1 | 24397 ||| UPGRADING to ring of see invisible.
 24399 | Shoals:1 | 24399 ||| DROPPING ring of positive energy.
 24421 | Shoals:2 | Noticed Polyphemus
 24422 | Shoals:2 | 24422 ||| INVOKING Heroism.
 24423 | Shoals:2 | 24423 ||| INVOKING Finesse.
 24424 | Shoals:2 | 24424 ||| STAIRDANCE
 24429 | Shoals:1 | Identified the +1 hat "Zuceuq" {*Slow rN+++ Dex+4 Stlth+}
                  | (Okawaru gifted it to you on level 1 of the Shoals)
 24429 | Shoals:1 | Received a gift from Okawaru
 24461 | Shoals:1 | 24461 ||| DROPPING +1 hat "Zuceuq" {*Slow rN+++ Dex+4
                  | Stlth+}.
 24464 | Shoals:2 | 24464 ||| STAIRDANCE
 24486 | Shoals:2 | 24486 ||| STAIRDANCE
 24505 | Shoals:2 | 24505 ||| STAIRDANCE
 24523 | Shoals:2 | 24523 ||| STAIRDANCE
 24564 | Shoals:2 | 24564 ||| INVOKING Heroism.
 24565 | Shoals:2 | 24565 ||| STAIRDANCE
 24567 | Shoals:1 | 24567 ||| INVOKING Finesse.
 24574 | Shoals:1 | Killed Polyphemus
 24665 | Shoals:2 | 24665 ||| Stepping ~*~*~tactically~*~*~ (hiding).
 24666 | Shoals:2 | 24666 ||| Stepping ~*~*~tactically~*~*~ (hiding).
 24668 | Shoals:2 | 24668 ||| INVOKING Heroism.
 24701 | Shoals:2 | Noticed Ilsuiw
 24702 | Shoals:2 | 24702 ||| INVOKING Heroism.
 24716 | Shoals:2 | HP: 25/112 [merfolk impaler/+4 trident of venom (19)]
 24717 | Shoals:2 | 24717 ||| READING 2 scrolls of teleportation.
 24718 | Shoals:2 | 24718 ||| DRINKING 2 potions of heal wounds.
 24729 | Shoals:2 | 24729 ||| INVOKING Heroism.
 24743 | Shoals:2 | Killed Ilsuiw
 24744 | Shoals:2 | Reached skill level 15 in Shields
 24745 | Shoals:2 | HP: 28/112 [merfolk impaler/+2 vorpal trident[Ilsuiw] (17)]
 24746 | Shoals:2 | 24746 ||| READING scroll of teleportation.
 24747 | Shoals:2 | 24747 ||| DRINKING potion of heal wounds.
 24756 | Shoals:2 | 24756 ||| INVOKING Heroism.
 24912 | Shoals:2 | 24912 ||| INVOKING Heroism.
 25008 | Shoals:2 | 25008 ||| INVOKING Heroism.
 25013 | Shoals:2 | Reached XP level 18. HP: 115/117 MP: 22/25
 25033 | Shoals:2 | 25033 ||| DROPPING +3 morningstar of flaming.
 25042 | Shoals:2 | 25042 ||| Stepping randomly (cloudy).
 25043 | Shoals:2 | 25043 ||| Stepping ~*~*~tactically~*~*~ (cloud).
 25082 | Shoals:2 | Found a runed translucent door.
 25084 | Shoals:2 | 25084 ||| Stepping ~*~*~tactically~*~*~ (cloud).
 25087 | Shoals:2 | 25087 ||| INVOKING Heroism.
 25117 | Shoals:2 | 25117 ||| Stepping randomly (cloudy).
 25118 | Shoals:2 | 25118 ||| Stepping randomly (cloudy).
 25118 | Shoals:2 | Found a corrupted altar of Lugonu.
 25118 | Shoals:2 | Found a one-way gate to the infinite horrors of the Abyss.
 25319 | Shoals:2 | 25319 ||| INVOKING Heroism.
 25330 | Shoals:2 | Reached skill level 16 in Shields
 25424 | Shoals:2 | Noticed Louise
 25438 | Shoals:2 | Killed Louise
 25684 | Shoals:3 | 25684 ||| INVOKING Heroism.
 25736 | Shoals:3 | Found Wuinuzol's Distillery.
 25742 | Shoals:3 | 25742 ||| INVOKING Heroism.
 25794 | Shoals:3 | 25794 ||| BUYING potion of attraction (57 gold).
 25794 | Shoals:3 | Bought a potion of attraction for 57 gold pieces
 25794 | Shoals:3 | 25794 ||| BUYING potion of curing (57 gold).
 25794 | Shoals:3 | Bought a potion of curing for 57 gold pieces
 25794 | Shoals:3 | 25794 ||| BUYING potion of curing (57 gold).
 25794 | Shoals:3 | Bought a potion of curing for 57 gold pieces
 25794 | Shoals:3 | 25794 ||| BUYING potion of curing (57 gold).
 25794 | Shoals:3 | Bought a potion of curing for 57 gold pieces
 25794 | Shoals:3 | 25794 ||| BUYING potion of heal wounds (95 gold).
 25794 | Shoals:3 | Bought a potion of heal wounds for 95 gold pieces
 25794 | Shoals:3 | 25794 ||| BUYING potion of lignification (57 gold).
 25794 | Shoals:3 | Bought a potion of lignification for 57 gold pieces
 25830 | Shoals:3 | 25830 ||| Stepping ~*~*~tactically~*~*~ (hiding).
 25832 | Shoals:3 | 25832 ||| Stepping ~*~*~tactically~*~*~ (hiding).
 25836 | Shoals:3 | 25836 ||| INVOKING Heroism.
 25879 | Shoals:3 | 25879 ||| Stepping ~*~*~tactically~*~*~ (hiding).
 25881 | Shoals:3 | 25881 ||| Stepping ~*~*~tactically~*~*~ (hiding).
 25894 | Shoals:3 | 25894 ||| Stepping ~*~*~tactically~*~*~ (stealth).
 25896 | Shoals:3 | Found Yshott's Firing Range.
 25900 | Shoals:3 | 25900 ||| INVOKING Heroism.
 26124 | Shoals:3 | 26124 ||| INVOKING Heroism.
 26148 | Shoals:3 | Reached skill level 17 in Shields
 26154 | Shoals:3 | 26154 ||| READING scroll of enchant armour.
 26154 | Shoals:3 | 26154 ||| ENCHANTING +0 pair of gloves.
 26167 | Shoals:3 | 26167 ||| INVOKING Heroism.
 26389 | Shoals:3 | 26389 ||| INVOKING Heroism.
 26648 | Shoals:3 | 26648 ||| PLANNING SPIDER:4
 26787 | Spider:4 | Entered Level 4 of the Spider Nest
 26787 | Spider:4 | Noticed Kirke
 26788 | Spider:4 | 26788 ||| INVOKING Heroism.
 26789 | Spider:4 | 26789 ||| STAIRDANCE
 26800 | Spider:4 | 26800 ||| STAIRDANCE
 26808 | Spider:3 | Killed Kirke
 26816 | Spider:4 | 26816 ||| STAIRDANCE
 26834 | Spider:4 | 26834 ||| INVOKING Heroism.
 26844 | Spider:4 | Received a gift from Okawaru
 26865 | Spider:4 | 26865 ||| FLEEEEING.
 26866 | Spider:4 | 26866 ||| FLEEEEING.
 26867 | Spider:4 | 26867 ||| FLEEEEING.
 26868 | Spider:4 | 26868 ||| FLEEEEING.
 26869 | Spider:4 | 26869 ||| FLEEEEING.
 26873 | Spider:4 | 26873 ||| STAIRDANCE
 26914 | Spider:4 | 26914 ||| Stepping ~*~*~tactically~*~*~ (stealth).
 26915 | Spider:4 | 26915 ||| Stepping ~*~*~tactically~*~*~ (stealth).
 26916 | Spider:4 | 26916 ||| Stepping ~*~*~tactically~*~*~ (stealth).
 26919 | Spider:4 | 26919 ||| Stepping ~*~*~tactically~*~*~ (stealth).
 26922 | Spider:4 | 26922 ||| INVOKING Finesse.
 26925 | Spider:4 | 26925 ||| Stepping ~*~*~tactically~*~*~ (hiding).
 26927 | Spider:4 | 26927 ||| Stepping ~*~*~tactically~*~*~ (hiding).
 26929 | Spider:4 | 26929 ||| Stepping ~*~*~tactically~*~*~ (hiding).
 26944 | Spider:4 | Reached skill level 18 in Shields
 26944 | Spider:4 | 26944 ||| READING 2 scrolls of teleportation.
 26963 | Spider:4 | 26963 ||| Stepping ~*~*~tactically~*~*~ (stealth).
 27041 | Spider:4 | 27041 ||| INVOKING Heroism.
 27113 | Spider:4 | 27113 ||| INVOKING Heroism.
 27241 | Spider:4 | 27241 ||| Stepping ~*~*~tactically~*~*~ (stealth).
 27265 | Spider:4 | 27265 ||| INVOKING Heroism.
 27393 | Spider:4 | 27393 ||| INVOKING Heroism.
 27402 | Spider:4 | Received a gift from Okawaru
 27408 | Spider:4 | 27408 ||| INVOKING Finesse.
 27506 | Spider:4 | 27506 ||| INVOKING Heroism.
 27677 | Spider:4 | 27677 ||| Stepping ~*~*~tactically~*~*~ (stealth).
 27696 | Spider:4 | 27696 ||| INVOKING Heroism.
 27715 | Spider:4 | Reached skill level 15 in Fighting
 27727 | Spider:4 | Received a gift from Okawaru
 27853 | Spider:4 | 27853 ||| INVOKING Finesse.
 27893 | Spider:4 | Got a gossamer rune of Zot
 28007 | Spider:4 | 28007 ||| PLANNING VAULTS:1-4
 28007 | Spider:4 | 28007 ||| DROPPING scarf of resistance.
 28008 | Spider:4 | 28008 ||| DROPPING +2 hat.
 28191 | Vaults:1 | Entered Level 1 of the Vaults
 28192 | Vaults:1 | 28192 ||| INVOKING Heroism.
 28200 | Vaults:1 | Reached XP level 19. HP: 105/124 MP: 24/26
 28235 | Vaults:1 | 28235 ||| INVOKING Heroism.
 28312 | Vaults:1 | 28312 ||| Stepping ~*~*~tactically~*~*~ (stealth).
 28317 | Vaults:1 | 28317 ||| Stepping ~*~*~tactically~*~*~ (stealth).
 28321 | Vaults:1 | Reached skill level 9 in Throwing
 28403 | Vaults:1 | Identified the +5 great sword of Reddeogg {vorpal, Str+3}
 28406 | Vaults:1 | 28406 ||| INVOKING Heroism.
 28559 | Vaults:1 | 28559 ||| Stepping ~*~*~tactically~*~*~ (hiding).
 28560 | Vaults:1 | 28560 ||| Stepping ~*~*~tactically~*~*~ (hiding).
 28568 | Vaults:1 | Received a gift from Okawaru
 28636 | Vaults:1 | 28636 ||| Stepping ~*~*~tactically~*~*~ (hiding).
 28646 | Vaults:1 | 28646 ||| Stepping ~*~*~tactically~*~*~ (stealth).
 28647 | Vaults:1 | 28647 ||| Stepping ~*~*~tactically~*~*~ (stealth).
 28669 | Vaults:1 | Reached skill level 15 in Armour
 28797 | Vaults:1 | Found a runed translucent gate.
 28797 | Vaults:1 | Found a runed translucent gate.
 28799 | Vaults:1 | Found a runed translucent gate.
 28799 | Vaults:1 | Found an opulent altar of Gozag.
 28801 | Vaults:1 | Found Uvateimy's Assorted Antiques.
 28801 | Vaults:1 | Noticed qw's ghost (adept GrFi)
 28824 | Vaults:1 | 28824 ||| Stepping ~*~*~tactically~*~*~ (stealth).
 28826 | Vaults:1 | 28826 ||| Stepping ~*~*~tactically~*~*~ (hiding).
 28859 | Vaults:1 | 28859 ||| Stepping ~*~*~tactically~*~*~ (hiding).
 28902 | Vaults:1 | 28902 ||| Stepping ~*~*~tactically~*~*~ (stealth).
 28904 | Vaults:1 | 28904 ||| Stepping ~*~*~tactically~*~*~ (stealth).
 28911 | Vaults:1 | 28911 ||| Stepping ~*~*~tactically~*~*~ (stealth).
 28978 | Vaults:1 | 28978 ||| Stepping ~*~*~tactically~*~*~ (stealth).
 28982 | Vaults:1 | 28982 ||| INVOKING Heroism.
 29091 | Vaults:1 | 29091 ||| Stepping ~*~*~tactically~*~*~ (stealth).
 29098 | Vaults:1 | 29098 ||| INVOKING Heroism.
 29116 | Vaults:1 | Received a gift from Okawaru
 29307 | Vaults:1 | 29307 ||| INVOKING Heroism.
 29476 | Vaults:1 | 29476 ||| INVOKING Heroism.
 29600 | Vaults:1 | Reached skill level 19 in Shields
 29717 | Vaults:1 | 29717 ||| DROPPING +1 pair of gloves.
 29815 | Vaults:2 | 29815 ||| Stepping ~*~*~tactically~*~*~ (hiding).
 29840 | Vaults:2 | Reached ****** piety under Okawaru
 29853 | Vaults:2 | 29853 ||| INVOKING Heroism.
 29854 | Vaults:2 | Identified the +8 scale mail of Okawaru's Supremacy {rN+}
                  | (Okawaru gifted it to you on level 2 of the Vaults)
 29854 | Vaults:2 | Received a gift from Okawaru
 29901 | Vaults:2 | 29901 ||| DRINKING potion of experience.
 29901 | Vaults:2 | Reached XP level 20. HP: 131/131 MP: 27/27
 29980 | Vaults:2 | 29980 ||| Stepping ~*~*~tactically~*~*~ (hiding).
 29982 | Vaults:2 | 29982 ||| Stepping ~*~*~tactically~*~*~ (hiding).
 30078 | Vaults:2 | Found a staircase to the Crypt.
 30198 | Vaults:2 | 30198 ||| INVOKING Finesse.
 30202 | Vaults:2 | 30202 ||| INVOKING Heroism.
 30264 | Vaults:2 | 30264 ||| Stepping ~*~*~tactically~*~*~ (hiding).
 30271 | Vaults:2 | 30271 ||| Stepping ~*~*~tactically~*~*~ (hiding).
 30308 | Vaults:2 | 30308 ||| Stepping ~*~*~tactically~*~*~ (stealth).
 30309 | Vaults:2 | 30309 ||| Stepping ~*~*~tactically~*~*~ (stealth).
 30380 | Vaults:2 | 30380 ||| Stepping ~*~*~tactically~*~*~ (stealth).
 30386 | Vaults:2 | 30386 ||| Stepping ~*~*~tactically~*~*~ (stealth).
 30387 | Vaults:2 | 30387 ||| Stepping ~*~*~tactically~*~*~ (stealth).
 30398 | Vaults:2 | 30398 ||| INVOKING Heroism.
 30500 | Vaults:2 | 30500 ||| INVOKING Heroism.
 30635 | Vaults:2 | 30635 ||| INVOKING Heroism.
 30678 | Vaults:2 | 30678 ||| INVOKING Heroism.
 30885 | Vaults:2 | 30885 ||| INVOKING Heroism.
 30890 | Vaults:2 | Reached XP level 21. HP: 125/139 MP: 25/28
 30944 | Vaults:2 | 30944 ||| Stepping ~*~*~tactically~*~*~ (hiding).
 30950 | Vaults:2 | 30950 ||| INVOKING Heroism.
 30951 | Vaults:2 | 30951 ||| Stepping ~*~*~tactically~*~*~ (hiding).
 30956 | Vaults:2 | 30956 ||| Stepping ~*~*~tactically~*~*~ (hiding).
 30989 | Vaults:2 | 30989 ||| Stepping ~*~*~tactically~*~*~ (stealth).
 31026 | Vaults:2 | 31026 ||| Stepping ~*~*~tactically~*~*~ (stealth).
 31028 | Vaults:2 | 31028 ||| INVOKING Heroism.
 31047 | Vaults:2 | Reached skill level 6 in Dodging
 31062 | Vaults:2 | 31062 ||| Stepping ~*~*~tactically~*~*~ (stealth).
 31383 | Vaults:3 | Identified the +5 mace of Jieged {antimagic, Will+ Str+4}
 31416 | Vaults:3 | 31416 ||| INVOKING Heroism.
 31433 | Vaults:3 | 31433 ||| Stepping ~*~*~tactically~*~*~ (hiding).
 31452 | Vaults:3 | 31452 ||| Stepping ~*~*~tactically~*~*~ (stealth).
 31553 | Vaults:3 | 31553 ||| INVOKING Heroism.
 31782 | Vaults:3 | 31782 ||| READING scroll of enchant weapon.
 31782 | Vaults:3 | 31782 ||| ENCHANTING +1 spectral broad axe.
 31845 | Vaults:3 | 31845 ||| INVOKING Heroism.
 31865 | Vaults:3 | Identified the +1 robe of Fanaticism {Drain +Blink rC+
                  | Stlth+} (Okawaru gifted it to you on level 3 of the Vaults)
 31865 | Vaults:3 | Received a gift from Okawaru
 32065 | Vaults:3 | 32065 ||| Stepping ~*~*~tactically~*~*~ (stealth).
 32081 | Vaults:3 | 32081 ||| INVOKING Heroism.
 32171 | Vaults:3 | Identified the +6 arbalest of Xiokhleb {flame, Stlth+}
 32212 | Vaults:3 | 32212 ||| Stepping ~*~*~tactically~*~*~ (hiding).
 32248 | Vaults:3 | 32248 ||| Stepping ~*~*~tactically~*~*~ (hiding).
 32290 | Vaults:3 | 32290 ||| INVOKING Heroism.
 32323 | Vaults:3 | 32323 ||| INVOKING Heroism.
 32329 | Vaults:3 | Reached skill level 18 in Fighting
 32424 | Vaults:3 | 32424 ||| INVOKING Heroism.
 32744 | Vaults:3 | 32744 ||| INVOKING Heroism.
 32778 | Vaults:3 | 32778 ||| DROPPING +0 ice dragon scales.
 32779 | Vaults:3 | 32779 ||| DROPPING +1 plate armour of cold resistance.
 32780 | Vaults:3 | 32780 ||| DROPPING scarf of resistance.
 32868 | Vaults:4 | 32868 ||| INVOKING Heroism.
 32891 | Vaults:4 | 32891 ||| Stepping ~*~*~tactically~*~*~ (stealth).
 32899 | Vaults:4 | 32899 ||| Stepping ~*~*~tactically~*~*~ (stealth).
 32900 | Vaults:4 | 32900 ||| Stepping ~*~*~tactically~*~*~ (stealth).
 32993 | Vaults:4 | 32993 ||| INVOKING Heroism.
 33050 | Vaults:4 | 33050 ||| INVOKING Heroism.
 33237 | Vaults:4 | Reached skill level 20 in Shields
 33361 | Vaults:4 | 33361 ||| Stepping ~*~*~tactically~*~*~ (hiding).
 33458 | Vaults:4 | 33458 ||| INVOKING Heroism.
 33538 | Vaults:4 | 33538 ||| Stepping ~*~*~tactically~*~*~ (stealth).
 33550 | Vaults:4 | 33550 ||| FLEEEEING.
 33558 | Vaults:4 | Identified the +1 plate armour of Aclij {rPois Str+6}
                  | (Okawaru gifted it to you on level 4 of the Vaults)
 33558 | Vaults:4 | Received a gift from Okawaru
 33583 | Vaults:4 | 33583 ||| INVOKING Heroism.
 33619 | Vaults:4 | 33619 ||| Stepping ~*~*~tactically~*~*~ (hiding).
 33761 | Vaults:4 | 33761 ||| INVOKING Heroism.
 33768 | Vaults:4 | Noticed Sojobo
 33768 | Vaults:4 | 33768 ||| INVOKING Finesse.
 33775 | Vaults:4 | Reached skill level 18 in Armour
 33795 | Vaults:4 | Killed Sojobo
 33796 | Vaults:4 | Reached XP level 22. HP: 66/147 MP: 24/29
 33805 | Vaults:4 | HP: 32/148 [ironbound frostheart (8)]
 33806 | Vaults:4 | 33806 ||| READING 3 scrolls of teleportation.
 33806 | Vaults:4 | Killed from afar by a tengu reaver

Levels and vault maps discovered:
D:1:      beargit_arrival_greenhouse, layout_basic, serial_shops, shop
D:2:      layout_basic, serial_shops, shop, hangedman_decor_points,
          nicolae_hexahallways
D:3:      layout_basic, lemuel_crystal_altar, minmay_misc_feat_enclosed,
          uniq_grinder
D:4:      layout_basic, amcnicky_altar_gilded, vehumet_statue,
          minmay_temple_entry_statues, uniq_blork_the_orc, uniq_pikel
D:5:      layout_basic, gammafunk_ghost_split, st_stairs_1
D:6:      layout_rooms, zin_purify, makhleb_grotto_becter, portal_sewer_entry_f,
          minmay_misc_feat_pillars, minivault_4, serial_bayou_crossing,
          uniq_edmund, uniq_prince_ribbit1
D:7:      layout_rooms, kennysheep_slug_shrine
D:8:      layout_rooms, worldfamousw_hep_ancestral_shrine,
          lemuel_coloured_pillars_altar
D:9:      layout_rooms, serial_shops, shop
D:10:     layout_loops_cross, lemuel_crystal_altar, lair_entry_dummy,
          uniq_nergalle, uniq_harold
D:11:     layout_long_grid, trog_antimagical
D:12:     layout_small_grid, david_orc_2
D:13:     layout_basic
D:14:     layout_roguey, david_vaults_5, kennysheep_cross_room, uniq_snorg
D:15:     grunt_enter_depths_magical_seal, layout_rooms,
          grunt_decor_mini_mirrors, chequers_serial_rivers_small_3, uniq_nessos
Lair:1:   layout_small_grid, gammafunk_ghost_hydra_chop, uniq_erica,
          uniq_gastronok
Lair:2:   layout_small_grid, dummy_spider_entry, serial_forest,
          infiniplex_forest_straight_2, infiniplex_forest_straight_2,
          infiniplex_forest_lined_room_3, infiniplex_forest_pool,
          infiniplex_forest_clump_curved, infiniplex_forest_lined_3_way
Lair:3:   layout_long_grid, minmay_shoals_entry_hut, nicolae_lair_lakeside_cave
Lair:4:   layout_regular_city, slime_entry_1, serial_bayou_ford_a
Lair:5:   grunt_lair_end_beastmaster, layout_concentric_octagons, st_stairs_11
Shoals:1: layout_shoals, serial_shops, nicolae_shop_trees
Shoals:2: layout_shoals, nicolae_shoals_abyss_on_the_beach, uniq_polyphemus,
          uniq_ilsuiw, uniq_louise
Shoals:3: layout_shoals, serial_shops, nicolae_shop_stone,
          nicolae_shop_firing_range
Spider:1: cheibrodos_forgotten_conduit
Spider:2: layout_spider_delve, special_room [special_room_bee],
          gammafunk_ghost_cemetery, einodemon_crawler_minivault
Spider:3: layout_spider_delve, hellmonk_test_site, uniq_nikola, uniq_arachne
Spider:4: grunt_spider_rune_circles, uniq_kirke
Orc:1:    layout_diamond_mine, serial_shops, shop,
          portal_ice_cave_entry_ice_simulacra
Orc:2:    hellmonk_orc_salted, layout_caves, serial_shops, bzr_entry_dummy
Vaults:1: ebering_ghost_gozag, vaults_mumra_hexcomb, v_misc_10,
          nicolae_vaults_little_squares_6, nicolae_vaults_inception_scallops,
          hangedman_vaults_stretched_pinwheel, grunt_vaults_trifunnel,
          dpeg_vaults_monster_row, hangedman_vaults_restitches,
          nicolae_vaults_know_your_exits, v_misc_4, vaults_dpeg_ring, v_misc_14,
          vaults_room_stairs_pillars, layout_vaults_maze_bifur
Vaults:2: minmay_crypt_entry_vampire_xt, nicolae_vaults_stairing_the_circle,
          v_misc_4, nicolae_vaults_little_squares_4, v_rooms_1,
          ontoclasm_vaults_hangar, vaults_dpeg_doors, ontoclasm_vaults_ligature,
          nicolae_vaults_asterisk, layout_vaults_ring
Vaults:3: nicolae_vaults_big_ls, ontoclasm_vaults_chip,
          nicolae_vaults_sealed_display, ontoclasm_vaults_claustrophobia,
          v_misc_14, vaults_room_fancy_cross, nicolae_vaults_yaktaur_gun_rack,
          ontoclasm_vaults_gateway, ontoclasm_vaults_gallery,
          vaults_room_stairs_pillars, grunt_vaults_hallway_short,
          nicolae_vaults_little_ls, layout_vaults_omnigrid
Vaults:4: nicolae_vaults_lopsided_apartments, v_rooms_4,
          nicolae_vaults_network_s, v_rooms_5, nicolae_vaults_rhombus_7,
          vaults_standard_mumra_enter_the_diamond, ontoclasm_vaults_hangar,
          hangedman_vaults_slice, nicolae_vaults_specimen_jars,
          vaults_room_corners, layout_vaults_omnicross, uniq_sojobo

Skill      XL: |  1  2  3  4  5  6  7  8  9 10 11 12 13 14 15 16 17 18 19 20 21 |
---------------+----------------------------------------------------------------+-----
Axes           | 2 3 4 5 7 9 10 11 12 14 15 16 18 | 18.0
Shields        | 4 6 7 8 9 10 11 12 13 15 18 19 20 | 20.0
Fighting       | 4 5 6 8 9 10 12 13 14 15 16 17 18 | 18.3
Armour         | 4 5 6 8 9 10 11 12 13 14 16 18 | 18.0
Dodging        | 1 2 3 4 5 6 |  6.0
Throwing       | 1 3 4 7 8 9 10 | 10.0
Invocations    | 4 6 10 | 10.0

Action                   |  1- 3 |  4- 6 |  7- 9 | 10-12 | 13-15 | 16-18 | 19-21 | 22-24 || total
-------------------------+-------+-------+-------+-------+-------+-------+-------+-------++-------
Melee: War axe           |    82 |   159 |   247 |   470 |   303 |       |       |       ||  1261
       Whip              |       |       |       |     8 |    41 |       |       |       ||    49
       Broad axe         |       |       |       |       |   586 |  1163 |   903 |    10 ||  2662
       Morningstar       |       |       |       |       |    35 |       |       |       ||    35
Throw: Boomerang         |       |       |    42 |    69 |   102 |   183 |    21 |       ||   417
       Javelin           |       |       |       |    22 |    88 |    95 |    78 |       ||   283
Invok: Heroism           |       |       |       |    19 |    41 |    64 |    29 |       ||   153
       Finesse           |       |       |       |     2 |    11 |    18 |     2 |       ||    33
  Use: Scroll            |     4 |     7 |     8 |    10 |    18 |    11 |     1 |     1 ||    60
       Potion            |       |     1 |     1 |     1 |     2 |     7 |     1 |       ||    13
 Stab: Distracted        |       |       |       |       |     8 |    25 |    24 |       ||    57
Armor: Scale mail        |    28 |    49 |       |       |       |       |       |       ||    77
       Plate armour      |       |    15 |   130 |   231 |   327 |   339 |   150 |     1 ||  1193
Dodge: Dodged            |    25 |    46 |    33 |   115 |   146 |   327 |   118 |     2 ||   812
       Repelled          |       |       |       |       |     3 |     1 |     3 |       ||     7
Block: Buckler           |    19 |     5 |       |       |       |       |       |       ||    24
       Kite shield       |       |    72 |   189 |   407 |   656 |   452 |       |       ||  1776
       Reflection        |       |       |     2 |    11 |    39 |    47 |    69 |     1 ||   169
       Tower shield      |       |       |       |       |       |   645 |   686 |     3 ||  1334

Table legend:
 A = Non-vault XP
 B = Vault XP
 C = Vault XP percentage of total XP
 D = Non-vault monster count
 E = Vault monster count
 F = Vault count percentage of total count
                 A         B        C        D         E       F
            +---------+---------+-------+---------+---------+-------
      Total |  308976 |  200438 |  39.3 |     925 |     379 |  29.1
            +---------+---------+-------+---------+---------+-------
        D:1 |      35 |       0 |   0.0 |      19 |       0 |   0.0
        D:2 |     100 |       0 |   0.0 |      20 |       0 |   0.0
        D:3 |      73 |     272 |  78.8 |      15 |       1 |   6.2
        D:4 |     523 |     755 |  59.1 |      20 |       3 |  13.0
        D:5 |    1099 |      68 |   5.8 |      14 |       3 |  17.6
        D:6 |     704 |     510 |  42.0 |      14 |       9 |  39.1
        D:7 |    1021 |       4 |   0.4 |      11 |       1 |   8.3
        D:8 |    2399 |       0 |   0.0 |      33 |       0 |   0.0
        D:9 |    1195 |       0 |   0.0 |      29 |       0 |   0.0
       D:10 |    3526 |    1645 |  31.8 |      18 |       2 |  10.0
       D:11 |    3454 |     335 |   8.8 |      21 |       3 |  12.5
       D:12 |    6709 |     284 |   4.1 |      16 |       8 |  33.3
       D:13 |    5071 |       0 |   0.0 |      19 |       0 |   0.0
       D:14 |   11139 |    8041 |  41.9 |      18 |      12 |  40.0
       D:15 |    7232 |    5335 |  42.5 |      16 |       9 |  36.0
     Lair:1 |   11584 |    2334 |  16.8 |      37 |       2 |   5.1
     Lair:2 |    4318 |       0 |   0.0 |      15 |       0 |   0.0
     Lair:3 |    3394 |    6411 |  65.4 |      17 |      16 |  48.5
     Lair:4 |    6945 |       0 |   0.0 |      23 |       0 |   0.0
     Lair:5 |   17334 |    8479 |  32.8 |      51 |      18 |  26.1
   Shoals:1 |   15146 |    4812 |  24.1 |      31 |       5 |  13.9
   Shoals:2 |   18467 |    5734 |  23.7 |      40 |       8 |  16.7
   Shoals:3 |   18383 |       6 |   0.0 |      41 |       3 |   6.8
   Spider:1 |   20722 |    5683 |  21.5 |      53 |      10 |  15.9
   Spider:2 |    9925 |    4893 |  33.0 |      35 |      26 |  42.6
   Spider:3 |   17710 |    7455 |  29.6 |      40 |       9 |  18.4
   Spider:4 |   16032 |   21042 |  56.8 |      36 |      41 |  53.2
      Orc:1 |    2713 |     195 |   6.7 |      31 |       8 |  20.5
      Orc:2 |    2565 |   12644 |  83.1 |      40 |      40 |  50.0
   Vaults:1 |   21543 |   35182 |  62.0 |      33 |      45 |  57.7
   Vaults:2 |   25694 |   16690 |  39.4 |      40 |      28 |  41.2
   Vaults:3 |   23226 |   21304 |  47.8 |      31 |      31 |  50.0
   Vaults:4 |   20768 |   30185 |  59.2 |      30 |      36 |  54.5
    Abyss:2 |    8227 |       0 |   0.0 |      18 |       0 |   0.0
      Sewer |       0 |     140 | 100.0 |       0 |       2 | 100.0
            +---------+---------+-------+---------+---------+-------
